 Dungeon Crawl Stone Soup version 0.26.1-2-gb8aa6d0 (webtiles) character file.

Game seed: 15762905428607889167

1319029 Geeful the Petrodigitator (level 27, -4/196 HPs)
             Began as a Gargoyle Earth Elementalist on May 23, 2021.
             Was the Champion of Sif Muna.
             Killed by divine providence
             ... invoked by a royal mummy
              (13 damage)
             ... on level 3 of the Tomb of the Ancients on June 16, 2021.
             The game lasted 13:47:52 (141900 turns).

Geeful the Petrodigitator (GrEE)                  Turns: 141900, Time: 13:47:53

Health: -4/196     AC: 39    Str: 19    XL:     27
Magic:  50/54      EV: 27    Int: 29    God:    Sif Muna [******]
Gold:   13456      SH: 32    Dex: 12    Spells: 38/80 levels left

rFire    + + .     SeeInvis .   a - staff of earth
rCold    + + +     Faith    .   r - +8 tower shield {AC+3}
rNeg     + + +     Spirit   .   c - +4 robe of Sunlight {Rampage rC+}
rPois    ∞         Reflect  .   o - +2 helmet {Int+3}
rElec    +         Harm     .   j - scarf {rC+ rF+}
rCorr    +         Rampage  +   U - +3 pair of gauntlets of War {Slay+5}
Will     +++++     Clarity  +   k - +2 pair of boots {run}
Stlth    ++++++++++             G - amulet of the Four Winds {rN+ Will+++ Clar}
HPRegen  0.42/turn              V - ring of Understanding {rC+ rN+ Slay+3 Stlth+}
MPRegen  0.34/turn              F - ring "Houm" {+Blink rElec rC+ rCorr Str+2}

@: mighty, brilliant, resistant, flying, hasted and slowed, quick
A: big wings, repulsion field 1, agile 1, mutation resistance 1, negative energy
resistance 1, electricity resistance, strong 1, unbreathing, petrification
resistance, miasma immunity, AC +20
}: 14/15 runes: decaying, slimy, silver, iron, obsidian, icy, bone, abyssal,
demonic, glowing, magical, fiery, dark, gossamer
a: Stop Flying, Renounce Religion, Evoke Blink, Channel Magic, Forget Spell,
Divine Exegesis


You were on level 3 of the Tomb of the Ancients.
You worshipped Sif Muna.
Sif Muna was exalted by your worship.
You visited 18 branches of the dungeon, and saw 90 of its levels.
You visited Pandemonium 2 times, and saw 19 of its levels.
You visited the Abyss 2 times.
You visited 1 bazaar.
You visited 1 ziggurat, and saw 15 of its levels.
You also visited: Gauntlet, Ice Cave, Volcano, Wizlab and Desolation.

You collected 15330 gold pieces.
You spent 1874 gold pieces at shops.

Inventory:

Hand Weapons
 b - a +9 eveningstar of flaming
 v - a +9 morningstar of freezing
Missiles
 O - 26 curare-tipped darts (quivered)
Armour
 c - the +4 robe of Sunlight (worn) {Rampage rC+}
   (You bought it in a shop on level 2 of the Depths)

   It protects you from cold.
   It bestows one free step when moving towards enemies.
 h - the +3 robe of Clouds {+Thunder rCloud rElec}
   (You took it off a Cloud Mage in a wizard's laboratory)

   It insulates you from electricity.
 j - a scarf of resistance (worn)
 k - a +2 pair of boots of running (worn)
 n - the +2 helmet of Ycwuy {rN+ rCorr Slay+3}
   (You bought it in a shop on level 2 of the Depths)

   It affects your accuracy and damage with ranged weapons and melee attacks
   (+3).
   It protects you from negative energy.
   It provides partial protection from all sources of acid and corrosion.
 o - a +2 helmet of intelligence (worn)
 r - a +8 tower shield of protection (worn)
 A - the +2 cloak of the Thief {*Fog Slay-2 SInv Stlth+}
   (You found it on level 7 of Cocytus)

   It affects your accuracy and damage with ranged weapons and melee attacks
   (-2).
   It lets you see invisible.
   It makes you more stealthy.
 E - the +2 cloak of Weightlessness {rElec rN+}
   (You found it on level 10 of a ziggurat)

   It insulates you from electricity.
   It protects you from negative energy.
 U - the +3 pair of gauntlets of War (worn) {Slay+5}
   (You acquired it on level 11 of a ziggurat)

   It affects your accuracy and damage with ranged weapons and melee attacks
   (+5).
Magical Staves
 a - an uncursed staff of earth (weapon)
Jewellery
 m - the ring of Koyrph Nexi {rElec Slay+4 SInv Stlth+}
   (You acquired it in Pandemonium)

   [ring of slaying]

   It affects your accuracy and damage with ranged weapons and melee attacks
   (+4).
   It insulates you from electricity.
   It lets you see invisible.
   It makes you more stealthy.
 p - the amulet "Femoso" {Reflect *Slow rC- Int+8 SH+5 Stlth+}
   (You found it on level 10 of a ziggurat)

   [amulet of reflection]

   It shields you and reflects attacks.
   It affects your intelligence (+8).
   It makes you vulnerable to cold.
   It may slow you when you take damage.
   It affects your SH (+5).
   It makes you more stealthy.
 q - the ring of the Enemy {+Fly Str+3}
   (You took it off an iron imp on level 7 of the Iron City of Dis)

   [ring of flight]

   It affects your strength (+3).
   It lets you fly.
 x - the macabre finger necklace {rN+}
   (You found it on level 7 of Gehenna)

   [amulet of nothing]

   It protects you from negative energy.
 F - the ring "Houm" (right hand) {+Blink rElec rC+ rCorr Str+2}
   (You found it on level 15 of a ziggurat)

   [ring of resist corrosion]

   It affects your strength (+2).
   It protects you from cold.
   It insulates you from electricity.
   It lets you blink.
   It provides partial protection from all sources of acid and corrosion.
 G - the amulet of the Four Winds (around neck) {rN+ Will+++ Clar}
   (You found it on level 1 of the Lair of Beasts)

   [amulet of nothing]

   It protects you from negative energy.
   It affects your willpower, your defense against some magical effects.
   It protects you against confusion.
 L - the ring "Xugruntuph" {rElec rC+ rN+}
   (You found it in the Desolation of Salt)

   [ring of protection from cold]

   It protects you from cold.
   It insulates you from electricity.
   It protects you from negative energy.
 N - the ring "Zixox" {rCorr MP+9 Str+3}
   (You found it on level 3 of the Swamp)

   [ring of resist corrosion]

   It affects your strength (+3).
   It affects your magic capacity (+9).
   It provides partial protection from all sources of acid and corrosion.
 R - the ring of Skepticism {MP+9 Int+5 Dex+4}
   (You found it on level 14 of a ziggurat)

   [ring of magical power]

   It affects your intelligence (+5).
   It affects your dexterity (+4).
   It affects your magic capacity (+9).
 S - the ring "Voiro" {rF++ Str+3 Int-3 Stlth-}
   (You found it on level 3 of the Lair of Beasts)

   [ring of attention]

   It affects your strength (+3).
   It affects your intelligence (-3).
   It greatly protects you from fire.
   It makes you less stealthy.
 V - the ring of Understanding (left hand) {rC+ rN+ Slay+3 Stlth+}
   (You found it on level 2 of the Lair of Beasts)

   [ring of positive energy]

   It affects your accuracy and damage with ranged weapons and melee attacks
   (+3).
   It protects you from cold.
   It protects you from negative energy.
   It makes you more stealthy.
 X - the ring of Jailadd {rF+ MP+9 Str-2 Int+2 Stlth-}
   (You found it on level 1 of the Orcish Mines)

   [ring of attention]

   It affects your strength (-2).
   It affects your intelligence (+2).
   It protects you from fire.
   It affects your magic capacity (+9).
   It makes you less stealthy.
 Z - the ring "Kirinidgh" {rF+++ rC- rCorr}
   (You took it off an efreet in Pandemonium)

   [ring of resist corrosion]

   It renders you almost immune to fire.
   It makes you vulnerable to cold.
   It provides partial protection from all sources of acid and corrosion.
Wands
 u - a wand of digging (53)
 Q - a wand of acid (70)
Scrolls
 l - 39 scrolls of remove curse
 t - 19 scrolls of teleportation
 y - 3 scrolls of identify
 z - 3 scrolls of brand weapon
 I - 4 scrolls of holy word
 J - 11 scrolls of fog
Potions
 d - 4 potions of haste
 e - 4 potions of ambrosia
 f - 5 potions of resistance
 g - 29 potions of curing
 i - 5 potions of cancellation
 w - 10 potions of magic
 B - 4 potions of invisibility
 D - 8 potions of berserk rage
 H - 4 potions of brilliance
 P - 5 potions of might
 Y - a potion of mutation
Miscellaneous
 s - a phantom mirror


   Skills:
 + Level 26.0 Fighting
 - Level 16.9 Maces & Flails
 + Level 21.4 Dodging
 O Level 27 Stealth
 - Level 25.0 Shields
 O Level 27 Spellcasting
 - Level 13.9 Conjurations
 - Level 13.3 Necromancy
 - Level 2.0 Transmutations
 - Level 4.0 Fire Magic
 O Level 27 Earth Magic
 + Level 22.0 Invocations


You had 38 spell levels left.
You knew the following spells:

 Your Spells              Type           Power        Failure   Level
a - Borgnjor's Vile Clut  Necr/Erth      75%          0%          5
b - Lehudib's Crystal Sp  Conj/Erth      75%          1%          8
d - Lee's Rapid Deconstr  Erth           82%          0%          5
e - Iron Shot             Conj/Erth      75%          1%          6
f - Leda's Liquefaction   Hex/Erth       66%          1%          4
g - Bolt of Magma         Conj/Fire/Erth 68%          1%          5
h - Shatter               Erth           82%          1%          9

Your spell library contained the following spells:

 Spells                   Type           Power        Failure   Level
 Animate Skeleton         Necr           100%         0%          1
 Foxfire                  Conj/Fire      100%         0%          1
 Magic Dart               Conj           100%         0%          1
 Pain                     Necr           100%         0%          1
 Sandblast                Erth           100%         0%          1
 Passwall                 Tmut/Erth      100%         0%          2
 Searing Ray              Conj           100%         0%          2
 Stone Arrow              Conj/Erth      100%         0%          3
 Vampiric Draining        Necr           54%          0%          3
 Petrify                  Tmut/Erth      100%         0%          4
 Apportation              Tloc           100%         1%          1
 Beastly Appendage        Tmut           100%         1%          1
 Corona                   Hex            62%          1%          1
 Freeze                   Ice            100%         1%          1
 Shock                    Conj/Air       100%         1%          1
 Sting                    Tmut/Pois      100%         1%          1
 Summon Small Mammal      Summ           100%         1%          1
 Blink                    Tloc           N/A          1%          2
 Call Imp                 Summ           56%          1%          2
 Corpse Rot               Necr/Air       N/A          1%          2
 Ensorcelled Hibernation  Hex/Ice        100%         1%          2
 Poisonous Vapours        Pois/Air       100%         1%          2
 Slow                     Hex            56%          1%          2
 Swiftness                Air            56%          1%          2
 Wereblood                Tmut           66%          1%          2
 Call Canine Familiar     Summ           56%          1%          3
 Confusing Touch          Hex            56%          1%          3
 Conjure Flame            Conj/Fire      94%          1%          3
 Dazzling Flash           Conj/Hex       100%         1%          3
 Frozen Ramparts          Ice            100%         1%          3
 Gell's Gravitas          Tloc           28%          1%          3
 Ignite Poison            Fire/Tmut/Pois 66%          1%          3
 Inner Flame              Hex/Fire       66%          1%          3
 Lesser Beckoning         Tloc           28%          1%          3
 Mephitic Cloud           Conj/Pois/Air  78%          1%          3
 Ozocubu's Armour         Ice            56%          1%          3
 Portal Projectile        Hex/Tloc       100%         1%          3
 Spider Form              Tmut/Pois      30%          1%          3
 Static Discharge         Conj/Air       87%          1%          3
 Summon Guardian Golem    Hex/Summ       56%          1%          3
 Teleport Other           Tloc           56%          1%          3
 Tukima's Dance           Hex            56%          1%          3
 Animate Dead             Necr           54%          1%          4
 Dispel Undead            Necr           100%         1%          4
 Fulminant Prism          Conj/Hex       43%          1%          4
 Hailstorm                Conj/Ice       87%          1%          4
 Iskenderun's Mystic Bla  Conj/Tloc      87%          1%          4
 Sticky Flame             Conj/Fire      94%          1%          4
 Agony                    Necr           100%         1%          5
 Excruciating Wounds      Necr           54%          1%          5
 Fireball                 Conj/Fire      47%          1%          5
 Irradiate                Conj/Tmut      45%          1%          5
 Iskenderun's Battlesphe  Conj           100%         1%          5
 Lightning Bolt           Conj/Air       43%          1%          5
 Death Channel            Necr           54%          1%          6
 Orb of Destruction       Conj           54%          1%          7
 Starburst                Conj/Fire      47%          2%          6
 Ice Form                 Ice/Tmut       61%          4%          4
 Airstrike                Air            28%          6%          4
 Cause Fear               Hex            28%          6%          4
 Olgreb's Toxic Radiance  Pois           56%          6%          4
 Passage of Golubria      Tloc           N/A          6%          4
 Summon Ice Beast         Ice/Summ       56%          6%          4
 Summon Lightning Spire   Summ/Air       56%          6%          4
 Conjure Ball Lightning   Conj/Air       43%          6%          6
 Simulacrum               Ice/Necr       43%          6%          6
 Blade Hands              Tmut           33%          8%          5
 Alistair's Intoxication  Tmut/Pois      40%          12%         5
 Yara's Violent Unravell  Hex/Tmut       30%          12%         5
 Freezing Cloud           Conj/Ice/Air   39%          16%         6
 Metabolic Englaciation   Hex/Ice        28%          19%         5
 Silence                  Hex/Air        28%          19%         5
 Summon Demon             Summ           28%          19%         5
 Summon Forest            Summ/Tloc      28%          19%         5
 Summon Mana Viper        Hex/Summ       56%          19%         5
 Borgnjor's Revivificati  Necr           54%          19%         8
 Infestation              Necr           54%          19%         8
 Spellforged Servitor     Conj/Summ      43%          32%         7
 Haunt                    Necr/Summ      43%          34%         7
 Hydra Form               Tmut           33%          41%         6
 Eringya's Noxious Bog    Tmut/Pois      30%          54%         6
 Dispersal                Tloc           28%          69%         6
 Invisibility             Hex            56%          69%         6
 Ozocubu's Refrigeration  Ice            28%          69%         6
 Shadow Creatures         Summ           N/A          69%         6
 Necromutation            Tmut/Necr      45%          88%         8
 Dragon Form              Tmut           33%          94%         7
 Chain Lightning          Conj/Air       43%          94%         8
 Death's Door             Necr           54%          95%         9
 Malign Gateway           Summ/Tloc      28%          99%         7
 Monstrous Menagerie      Summ           28%          99%         7
 Summon Greater Demon     Summ           28%          99%         7
 Summon Hydra             Summ           28%          99%         7
 Discord                  Hex            28%          100%        8
 Disjunction              Tloc           28%          100%        8
 Ignition                 Fire           38%          100%        8
 Summon Horrible Things   Summ           28%          100%        8
 Absolute Zero            Ice            28%          100%        9
 Dragon's Call            Summ           28%          100%        9
 Fire Storm               Conj/Fire      47%          100%        9
 Tornado                  Air            28%          100%        9
 Sublimation of Blood     Necr           Unusable     N/A         2
 Statue Form              Tmut/Erth      Unusable     N/A         6

Dungeon Overview and Level Annotations

Branches:
Dungeon (15/15)            Temple (1/1) D:6            Lair (6/6) D:8
  Swamp (4/4) Lair:4       Spider (4/4) Lair:2        Slime (5/5) Lair:6
    Orc (2/2) D:9             Elf (3/3) Orc:2        Vaults (5/5) D:13
  Crypt (3/3) Vaults:3       Tomb (3/3) Crypt:3      Depths (5/5) D:15
   Hell (visited)             Dis (7/7) Hell            Geh (7/7) Hell
    Coc (7/7) Hell            Tar (7/7) Hell            Zot (5/5) Depths:5
  IceCv (visited)         Volcano (visited)          WizLab (visited)
Desolation (visited)      Gauntlet (visited)

Altars:
Ashenzari
Cheibriados
Dithmenos
Elyvilon
Fedhas
Gozag
Hepliaklqana
Kikubaaqudgha
Makhleb
Nemelex Xobeh
Okawaru
Qazlal
Ru
Sif Muna
Trog
Uskayaw
Vehumet
Wu Jian
Xom
Yredelemnul
Zin
The Shining One
Jiyva

Shops:
D:11 *   Orc:2 (:?[*   Depths:2 [=[   Depths:4 :   Depths:5 }}=

Portals:
Hell: Depths:1 Depths:2 Depths:3 Depths:4 Depths:5
Abyss: Depths:1 Depths:3 Depths:4
Pandemonium: Depths:1 Depths:3

Annotations:
D:1 exclusion: downstairs
D:7 exclusion: downstairs
D:12 exclusion: downstairs
Swamp:1 exclusion: downstairs
Spider:2 exclusion: downstairs
Vaults:2 1 runed translucent door, howech's ghost, veteran MiGl
Vaults:3 2 transporters
Depths:1 2 transporters
Depths:4 2 transporters
Geh:7 Asmodeus


Innate Abilities, Weirdness & Mutations

You are resistant to torment.
Your stone body is resilient. (AC +20)
You are immune to poison.
Your large and strong wings let you fly indefinitely.
You resist negative energy. (rN+)
You are resistant to electric shocks. (rElec)
You can survive without breathing.
You are immune to petrification.
You are immune to miasma.
You are surrounded by a mild repulsion field. (EV +2)
You are agile. (Dex +2)
You are somewhat resistant to further mutation.
Your muscles are strong. (Str +2)


Message History

The mummy priest enters a dispersal trap!
The mummy blinks! x2; The royal mummy blinks! x2; The mummy blinks! x2
The ancient champion blinks!
The mummy priest blinks! x2; The mummy blinks!
The death scarab blinks!
The titan skeleton blinks!
The royal mummy blinks!
The mummy blinks!
The bennu blinks! x2; The flying skull blinks!
The mummy blinks!
The bennu blinks! x2; You blink.
The mummy priest blinks!
A mummy comes into view.
A royal mummy comes into view.
A guardian mummy comes into view.
A royal mummy comes into view.
The mummy moves out of view.
The royal mummy moves out of view.
The mummy priest calls on the powers of darkness!
The bennu convulses!
Your body is wracked with pain!
* * * LOW HITPOINT WARNING * * *
The bennu convulses!
The royal mummy casts a spell.
You block the bennu's attack. The bennu claws you!
* * * LOW HITPOINT WARNING * * *
You block the bennu's attack.
The royal mummy points at you and mumbles some strange words.
Something smites you!
You die...

##?$$$$............#,,..$,,,,**
#$$$:$)$...#......#*....$,,,,,**
$$$$$$$...........#......,,,,,,**
$$$$}$$...b#Mb[.††#......,,,,,,,*
$$$$$)$††...?............,,,,,,,,
$$$$$.§..§.§......#......,,,,,,,,
$[$$(...†.b#§............,,,,,,,,
$$$....†..z..§....##.....,,^,,,,,
...../w^..§#.).b@)##.....,,,,,,,,
..../.^..#†../....§#*....,,,,,,,,
...*..z<.#....^.M†..##<..,,,,,,,,
....?....z)..††.§....#*,,,,,^,,,^
.....^z#.W.b?..§.M§.§.#*,,,,,^,**
*,...#..MV§§...†..§....#*,^,,***
**+***#.M.MM§...M..§§..#***+***
,,,,,....WM.M.§....M..M.,,,,,,***
,,,.........M.....^^..,,,,,,,,,,*


You could see 3 royal mummies, 5 bennus, an ancient champion (fast), 2 mummy
priests, a jiangshi (summoned), a flayed ghost (summoned), a phantasmal warrior
(summoned), a guardian mummy, a flying skull and 4 mummies.

Vanquished Creatures
  Cerebov (Pan)
  Antaeus (Coc:7)
  the Royal Jelly (Slime:5)
  Dissolution (Slime:3)
  Gloorx Vloq (Pan)
  Ereshkigal (Tar:7)
  Mnoleg (Pan)
  Lom Lobon (Pan)
  the Serpent of Hell (Coc:7)
  Khufu (Crypt:3)
  Dispater (Dis:7)
  7 orbs of fire
  4 ancient liches
  Mennas (Vaults:3)
  2 juggernauts
  Sojobo (Depths:3)
  20 royal mummies
  the Lernaean hydra (Swamp:4)
  8 shard shrikes
  7 Killer Klowns
  Frederick (Depths:3)
  2 caustic shrikes (Depths:1)
  Bai Suzhen (Elf:3)
  Margery (Depths:3)
  6 curse toes
  Geryon (Hell)
  The ghost of Hifrefadd the Warrior, an adept DgCj (Depths:1)
  13 golden dragons
  the Enchantress (Depths:4)
  Nikola (Elf:3)
  6 pandemonium lords
  A profane servitor (Crypt:3)
  13 bone dragons
  8 liches
  14 Tzitzimimeh
  Arachne (Spider:3)
  5 doom hounds
  24 Brimstone Fiends
  A Cloud Mage (WizLab)
  4 iron giants (Dis:7)
  22 tentacled monstrosities
  A hellephant (Pan)
  8 Hell Sentinels
  Rupert (Lair:4)
  5 electric golems
  13 Ice Fiends
  9 titans
  2 deep elf master archers (Elf:3)
  25 Orb Guardians (Zot:5)
  3 deep elf blademasters
  8 quicksilver dragons
  The ghost of Kave the Grappler, an adept TrTm of Sif Muna (Elf:1)
  12 sphinxes
  9 death cobs
  21 Executioners
  16 ancient champions
  34 acid blobs
  An eldritch tentacle (Pan)
  23 shadow dragons
  6 tentacled starspawn
  The ghost of Zeiwnipo the Severer, an adept HOFi of Beogh (Spider:4)
  6 tengu reavers
  8 draconian monks
  21 storm dragons
  8 frost giants
  2 daevas
  Donald (Spider:2)
  5 fire giants
  4 revenants
  4 fenstrider witches (Swamp:4)
  22 azure jellies
  4 draconian scorchers
  Louise (Swamp:2)
  15 vault wardens
  7 deep elf sorcerers
  2 imperial myrmidons (Desolation)
  37 balrugs
  5 draconian knights
  11 iron dragons
  2 deep elf elementalists (Elf:3)
  4 draconian shifters
  3 emperor scorpions
  A caustic shrike zombie (Zig:8)
  4 curse skulls
  10 ghost moths
  2 orc warlords
  2 draconian stormcallers
  4 warmongers (Pan)
  The ghost of Aviun the Unseen, an adept SpEn of Kikubaaqudgha (Spider:3)
  A caustic shrike skeleton (Depths:3)
  An angel (Depths:5)
  15 ghouls
  4 black suns (Pan)
  21 cacodemons
  7 draconian annihilators
  21 war gargoyles
  14 stone giants
  43 reapers
  A juggernaut skeleton (Crypt:1)
  3 spriggan defenders (Depths:4)
  58 very ugly things
  12 ironheart preservers
  2 blood saints (Pan)
  2 elemental wellsprings (Coc:7)
  5 bennus
  5 corrupters (Pan)
  11 vampire knights
  5 green draconians
  7 entropy weavers
  8 black draconians
  A dire elephant (Zig:10)
  9 purple draconians
  11 deep elf demonologists
  7 lorocyprocas
  13 white draconians
  7 bunyips
  8 spark wasps
  15 deep elf annihilators
  13 yellow draconians
  19 red draconians
  A minotaur (Gauntlet)
  A halazid warlock (Desolation)
  10 blizzard demons
  14 eidola
  An ettin (shapeshifter) (Elf:1)
  8 green deaths
  11 death oozes
  4 quicksilver dragon zombies
  9 deep elf death magi
  15 ettins
  4 eleionomae
  9 fire dragons
  19 mummy priests
  Josephine (Orc:2)
  5 ragged hierophants (Desolation)
  Harold (D:9)
  22 great orbs of eyes
  A great orb of eyes (shapeshifter) (Vaults:5)
  22 yaktaur captains
  10 jiangshi
  Erolcha (Orc:1)
  33 vault guards
  2 kraken zombies
  9 deep elf high priests
  2 shambling mangroves
  6 peacekeepers (Desolation)
  18 ice dragons
  6 boulder beetles
  3 hell beasts
  7 spriggan air magi
  28 hydras
  4 servants of whispers (Desolation)
  2 monstrous demonspawn (Pan)
  5 rakshasas
  3 quicksilver dragon skeletons
  A catoblepas (Zig:10)
  34 two-headed ogres
  9 centaur warriors
  5 ghost crabs
  30 dancing weapons
  6 death knights
  10 ogre magi
  10 alligators
  36 death scarabs
  7 deep troll shamans
  12 death yaks (Lair:5)
  7 thrashing horrors
  2 orc high priests (Orc:2)
  5 tengu warriors
  14 hell hogs
  8 vampire magi
  4 shock serpents
  2 shock serpents (shapeshifter)
  4 titan zombies
  9 spriggan berserkers
  10 deep troll earth magi
  The ghost of Zaxe the Convoker, a journeyman DEWz of Vehumet (Lair:3)
  7 storm dragon zombies
  Sonja (Lair:4)
  72 sun demons
  Nergalle (D:12)
  8 iron trolls
  A salamander mystic (Volcano)
  35 soul eaters
  20 deep elf knights
  8 wretched stars
  28 hell knights
  A spatial maelstrom (Zig:11)
  2 titan skeletons
  5 iron golems
  2 golden dragon zombies
  20 sixfirhies
  A goliath frog (shapeshifter) (Vaults:3)
  15 shadow wraiths
  6 storm dragon skeletons
  113 skeletal warriors
  4 starcursed masses
  6 torturous demonspawn (Pan)
  5 goliath frogs
  9 anaconda zombies
  8 death drakes
  6 glowing orange brains
  8 spriggan druids
  A quicksilver dragon simulacrum (Tar:3)
  2 unseen horrors
  13 shadow demons
  17 swamp dragons
  4 ghost moth zombies
  13 deep elf archers
  3 gelid demonspawn (Pan)
  4 bog bodies
  A glowing orange brain (shapeshifter) (Elf:1)
  4 infernal demonspawn (Pan)
  8 wizards
  An obsidian statue (Vaults:3)
  26 deep trolls
  2 anaconda skeletons
  A tengu zombie (Zig:8)
  The ghost of cuttz09 the Destroyer, a novice OpCj (D:7)
  13 flayed ghosts
  A mana viper (shapeshifter) (Zig:6)
  25 phantasmal warriors
  A lindwurm (Lair:2)
  A sphinx zombie (Zig:8)
  3 golden dragon skeletons
  3 shadow dragon zombies
  3 harpies (Vaults:4)
  21 ironbrand convokers
  8 necromancers
  3 wolf spider zombies
  An iron dragon zombie (Coc:2)
  7 shining eyes
  37 wolf spiders
  6 orc sorcerers
  25 orc knights
  50 ugly things
  59 deep elf magi
  A manticore (D:11)
  A manticore (shapeshifter) (D:15)
  3 stone giant zombies
  17 orb spiders
  A shining eye (shapeshifter) (Vaults:5)
  8 will-o-the-wisps
  An eleionoma zombie (Crypt:1)
  A shock serpent zombie (Coc:5)
  9 elephants
  3 salamanders (Volcano)
  2 shadow dragon skeletons
  4 frost giant zombies
  An elephant (shapeshifter) (Vaults:3)
  6 frost giant skeletons
  8 cyclopes
  7 fire giant zombies
  2 iron dragon skeletons
  14 black mambas
  38 moths of wrath
  A moth of wrath (shapeshifter) (Vaults:3)
  A worldbinder (Gauntlet)
  5 centaur zombies
  2 naga magi (D:15)
  5 fire giant skeletons
  A guardian serpent (shapeshifter) (Abyss:3)
  4 dire elephant zombies
  3 guardian serpents
  18 rust devils
  8 eyes of devastation
  5 apocalypse crabs
  8 ice statues
  5 stone giant skeletons
  16 smoke demons
  3 torpor snails
  A minotaur zombie (Crypt:1)
  21 orange demons
  Joseph (D:8)
  13 molten gargoyles
  A gargoyle (D:15)
  14 vault sentinels
  2 elf skeletons
  20 cane toads
  A catoblepas zombie (Dis:7)
  10 komodo dragons
  A yellow draconian zombie (Tar:7)
  35 hellions
  5 anaconda simulacra
  An alligator snapping turtle skeleton (Crypt:2)
  4 dire elephant skeletons
  3 rime drakes
  51 yaktaurs
  An emperor scorpion zombie (Tar:7)
  41 freezing wraiths
  18 efreet
  21 tormentors
  16 demonic crawlers
  6 ancient zymes
  2 catoblepas skeletons
  34 ice devils
  28 guardian mummies
  57 red devils
  5 small abominations
  4 silent spectres
  11 hellwings
  2 golden dragon simulacra (IceCv)
  11 hydra zombies
  A queen bee (Abyss:3)
  39 jumping spiders
  8 meliai
  3 wind drakes (WizLab)
  3 bloated husks
  8 tyrant leeches
  A jumping spider (shapeshifter) (Abyss:4)
  A meliai (shapeshifter) (Vaults:4)
  9 trolls
  6 polar bears
  A raiju (Zig:11)
  2 harpy zombies
  5 alligator zombies
  2 hornets (shapeshifter)
  27 hornets
  A raiju (shapeshifter) (Elf:1)
  11 dream sheep
  3 hydra skeletons
  45 saltlings
  6 fire dragon zombies
  30 blink frogs
  3 harpy skeletons
  3 human simulacra
  94 slime creatures
  A snapping turtle (shapeshifter) (D:15)
  74 flying skulls
  6 ice dragon zombies
  6 ettin zombies
  5 alligator skeletons
  Sigmund (D:5)
  14 air elementals
  17 wyverns
  2 black mamba zombies
  17 spriggans
  4 ettin skeletons
  44 large abominations
  A redback (shapeshifter) (Zig:7)
  84 redbacks
  A spriggan (shapeshifter) (Elf:1)
  2 dire elephant simulacra (IceCv)
  14 shadows
  39 tarantellas
  21 water elementals
  A tarantella (shapeshifter) (Depths:2)
  A fire dragon skeleton (Coc:3)
  A vampire (D:15)
  35 ynoxinuls
  10 ushabtiu
  31 wraiths
  5 basilisks
  A fire bat (shapeshifter) (Elf:1)
  A yak (shapeshifter) (Abyss:3)
  A black mamba skeleton (Coc:7)
  20 chaos spawn
  9 fire bats
  13 fire elementals
  14 golden eyes
  52 yaks
  3 humans (Lair:5)
  18 neqoxecs
  Menkaure (D:5)
  2 steam dragons
  A steam dragon (shapeshifter) (Elf:1)
  A soldier ant (shapeshifter) (Depths:1)
  17 vampire mosquitoes
  5 iron troll simulacra (IceCv)
  A warg (shapeshifter) (Vaults:3)
  3 harpy simulacra (IceCv)
  14 two-headed ogre zombies (Orc:1)
  15 wargs
  A naga (shapeshifter) (Elf:1)
  17 swamp worms
  2 acid dragons
  2 soldier ants
  4 cane toad zombies
  A torturous demonspawn skeleton (Crypt:1)
  A deep troll skeleton (Crypt:1)
  4 hydra simulacra
  38 hell hounds
  2 floating eyes (Depths:2)
  25 water moccasins
  4 snapping turtle zombies
  3 cane toad skeletons
  7 ice beasts
  59 orc warriors
  6 swamp drakes
  7 black bears
  3 swamp dragon zombies
  An eye of draining (shapeshifter) (Elf:1)
  7 phantoms
  2 sky beasts (D:7)
  An ettin simulacrum (Coc:5)
  8 eyes of draining
  11 boggarts
  41 ogres
  A manticore skeleton (Pan)
  31 necrophages
  4 wolves (Lair:2)
  24 centaurs
  2 big kobolds (D:10)
  A komodo dragon zombie (Crypt:2)
  27 bullfrogs
  2 elf zombies
  5 earth elementals
  2 cane toad simulacra (Coc:7)
  4 jellies
  7 wyvern skeletons (Crypt:3)
  6 scorpions
  2 spriggan zombies
  19 wights
  9 killer bees
  3 electric eels (Spider:4)
  8 howler monkeys
  10 crimson imps
  A lava snake (Lair:3)
  2 quasits
  A human zombie (Crypt:1)
  A bullfrog zombie (D:13)
  14 hounds
  3 bullfrog skeletons
  13 orc priests
  9 centaur skeletons
  23 iron imps
  24 orc wizards
  A human skeleton (Geh:1)
  Ijyb (D:4)
  5 iguanas
  2 hell rats (D:14)
  3 polar bear simulacra (IceCv)
  2 troll simulacra
  15 worker ants
  3 spriggan simulacra
  A statue (D:9)
  A wolf simulacrum (IceCv)
  An ogre zombie (Geh:3)
  A felid zombie (Crypt:2)
  An ogre skeleton (Crypt:2)
  3 hound skeletons
  41 mummies
  A worker ant zombie (D:6)
  11 gnolls
  14 adders
  A naga simulacrum (IceCv)
  An ogre simulacrum (IceCv)
  4 river rats (D:14)
  5 shadow imps
  25 white imps
  7 ufetubi
  3 oozes
  2 worms (D:4)
  3 dart slugs
  A leopard gecko (D:5)
  108 orcs
  12 giant cockroaches
  6 goblins
  6 hobgoblins
  13 jackals
  5 quokkas
  5 ball pythons
  4 bats
  9 frilled lizards
  A giant cockroach zombie (D:5)
  10 kobolds
  2 leopard gecko skeletons
  A leopard gecko zombie (D:8)
  A quokka skeleton (Crypt:1)
  13 rats
  7 crawling corpses
  A lurking horror (Abyss:3)
  2 starspawn tentacles
  A tentacle (Hell)
  4 withered plants (Crypt:3)
4695 creatures vanquished.

Vanquished Creatures (others)
  A pandemonium lord (Pan)
  A quicksilver dragon (Zot:2)
  2 elemental wellsprings
  A bunyip (Zig:14)
  A spriggan air mage (WizLab)
  A hell hog (Geh:7)
  2 swamp dragons (Zig:14)
  An apocalypse crab (WizLab)
  A wind drake (WizLab)
  An ice dragon zombie (Geh:7)
  A redback (Spider:4)
  2 humans
  A spriggan skeleton (Geh:2)
  3 white imps (IceCv)
  6 ufetubi (IceCv)
  7 ball lightnings (Pan)
  2 fire vortices (Lair:3)
  12 foxfires
  115 fungi
  A lurking horror (Abyss:3)
  117 plants
  4 starspawn tentacles
  7 tentacles
  41 withered plants (Crypt:3)
331 creatures vanquished.

Grand Total: 5026 creatures vanquished

Notes
Turn   | Place    | Note
-------+----------+-------------------------------------------
     0 | D:1      | Geeful the Gargoyle Earth Elementalist began the quest for
                  | the Orb.
     0 | D:1      | Reached XP level 1. HP: 10/10 MP: 3/3
   449 | D:1      | Reached skill level 1 in Transmutations
   449 | D:1      | Reached XP level 2. HP: 16/16 MP: 1/5
  1450 | D:2      | Reached XP level 3. HP: 19/20 MP: 6/6
  1536 | D:2      | Reached skill level 1 in Fighting
  2068 | D:2      | Reached XP level 4. HP: 18/25 MP: 7/7
  2211 | D:2      | Learned a level 3 spell: Stone Arrow
  2736 | D:3      | Reached skill level 1 in Maces & Flails
  3007 | D:3      | Reached XP level 5. HP: 21/29 MP: 8/8
  3786 | D:4      | Noticed Ijyb
  3804 | D:4      | Killed Ijyb
  3805 | D:4      | Reached skill level 1 in Conjurations
  3805 | D:4      | Reached XP level 6. HP: 34/35 MP: 0/10
  5034 | D:5      | Entered Level 5 of the Dungeon
  5034 | D:5      | Noticed Sigmund
  5038 | D:5      | Killed Sigmund
  5039 | D:5      | Reached XP level 7. HP: 40/40 MP: 11/11
  5265 | D:5      | Reached skill level 5 in Earth Magic
  5484 | D:5      | Noticed Menkaure
  5490 | D:5      | Killed Menkaure
  5644 | D:5      | Reached XP level 8. HP: 36/46 MP: 9/13
  6238 | D:5      | Learned a level 4 spell: Petrify
  6244 | D:5      | Learned a level 5 spell: Lee's Rapid Deconstruction
  6473 | D:6      | Found a staircase to the Ecumenical Temple.
  6482 | Temple   | Entered the Ecumenical Temple
  6761 | Temple   | Became a worshipper of Sif Muna the Loreminder
  6799 | D:6      | Reached skill level 5 in Stealth
  6976 | D:6      | Reached skill level 1 in Invocations
  7270 | D:6      | Reached XP level 9. HP: 52/52 MP: 6/15
  7355 | D:6      | Killed an unseen horror
  8159 | D:7      | Found a runed translucent gate.
  8159 | D:7      | Found a runed translucent gate.
  8160 | D:7      | Found a runed translucent gate.
  8161 | D:7      | Noticed cuttz09's ghost (novice OpCj)
  8212 | D:7      | Noticed a boulder beetle
  8221 | D:7      | Reached skill level 5 in Fighting
  8221 | D:7      | Killed cuttz09's ghost
  8222 | D:7      | Reached skill level 5 in Spellcasting
  8244 | D:7      | Killed a boulder beetle
  8245 | D:7      | Reached skill level 5 in Dodging
  8245 | D:7      | Reached XP level 10. HP: 11/59 MP: 13/18
  8578 | D:7      | Reached * piety under Sif Muna
  9119 | D:7      | Reached skill level 5 in Invocations
  9231 | D:8      | Noticed Joseph
  9347 | D:8      | Killed Joseph
  9351 | D:8      | Noticed a two-headed ogre
  9490 | D:8      | Killed a two-headed ogre
  9816 | D:8      | Found a shimmering altar of Xom.
 10009 | D:8      | Found a staircase to the Lair.
 10304 | D:9      | Reached XP level 11. HP: 56/63 MP: 17/21
 10520 | D:9      | Reached ** piety under Sif Muna
 10531 | D:9      | Found a staircase to the Orcish Mines.
 10807 | D:9      | Noticed Harold
 11065 | D:9      | Killed Harold
 11582 | D:9      | Found a radiant altar of Vehumet.
 11711 | D:10     | Entered Level 10 of the Dungeon
 12110 | D:10     | Reached skill level 10 in Earth Magic
 12851 | D:11     | Noticed a manticore
 12870 | D:11     | Killed a manticore
 12870 | D:11     | Reached *** piety under Sif Muna
 13219 | D:11     | Noticed a cyan ugly thing
 13252 | D:11     | Killed a cyan ugly thing
 13710 | D:11     | Found Caocwe Apeca's General Store.
 13713 | D:11     | Bought a +2 buckler of protection for 322 gold pieces
 13988 | D:12     | Reached skill level 1 in Shields
 14078 | D:12     | Noticed a purple ugly thing
 14099 | D:12     | Killed a purple ugly thing
 14100 | D:12     | Reached XP level 12. HP: 68/68 MP: 16/24
 14211 | D:12     | Noticed Nergalle
 14742 | D:12     | Killed Nergalle
 15025 | D:12     | Noticed a boulder beetle
 15050 | D:12     | Killed a boulder beetle
 16383 | D:13     | Found a gate to the Vaults.
 16671 | Lair:1   | Entered Level 1 of the Lair of Beasts
 16712 | Lair:1   | Found the amulet of the Four Winds {rN+ Will+++ Clar}
 18067 | Lair:2   | Got a glittering bronze ring
 18068 | Lair:2   | Identified the ring of Understanding {rC+ rN+ Slay+3
                  | Stlth+} (You found it on level 2 of the Lair of Beasts)
 18280 | Lair:2   | Found a hole to the Spider Nest.
 18304 | Lair:2   | Reached **** piety under Sif Muna
 18940 | Lair:2   | Reached XP level 13. HP: 70/76 MP: 26/26
 19348 | Lair:3   | Noticed Zaxe's ghost (journeyman DEWz)
 19498 | Lair:3   | Got a bound golden ring
 19499 | Lair:3   | Identified the ring "Voiro" {rF++ Str+3 Int-3 Stlth-} (You
                  | found it on level 3 of the Lair of Beasts)
 19590 | Lair:3   | Found a runed translucent door.
 20108 | Lair:3   | Reached skill level 10 in Invocations
 21542 | Lair:3   | Killed Zaxe's ghost
 21937 | Lair:4   | Noticed Rupert
 21953 | Lair:4   | Killed Rupert
 22166 | Lair:4   | You fall into a shaft and drop 1 floor!
 22312 | Lair:5   | Found a dark tunnel.
 22323 | Volcano  | Entered a volcano
 22490 | Volcano  | Noticed a red draconian
 22506 | Volcano  | Killed a red draconian
 22507 | Volcano  | Reached skill level 10 in Spellcasting
 22821 | Lair:5   | Gained mutation: Your large and strong wings let you fly
                  | indefinitely. [Gargoyle growth]
 22821 | Lair:5   | Reached XP level 14. HP: 70/84 MP: 10/28
 25292 | Lair:4   | Noticed Sonja
 25299 | Lair:4   | Killed Sonja
 25746 | Lair:4   | Found a staircase to the Swamp.
 27775 | Lair:6   | Entered Level 6 of the Lair of Beasts
 28224 | Lair:6   | Reached skill level 10 in Fighting
 28357 | Lair:6   | Reached skill level 10 in Dodging
 28723 | Lair:6   | Reached XP level 15. HP: 36/92 MP: 29/29
 29147 | Lair:6   | Identified the +5 falchion of Qaeckugh {vorpal, rF+} (You
                  | found it on level 6 of the Lair of Beasts)
 29453 | Lair:6   | Found a staircase to the Slime Pits.
 30884 | Orc:1    | Entered Level 1 of the Orcish Mines
 31214 | Orc:1    | Paralysed by an orc sorcerer for 4 turns
 31480 | Orc:1    | Reached ***** piety under Sif Muna
 31480 | Orc:1    | Received a gift from Sif Muna
 31490 | Orc:1    | Noticed Erolcha
 31501 | Orc:1    | Killed Erolcha
 31632 | Orc:1    | Learned a level 6 spell: Iron Shot
 31637 | Orc:1    | Learned a level 4 spell: Leda's Liquefaction
 31643 | Orc:1    | Learned a level 5 spell: Bolt of Magma
 31744 | Orc:1    | Got a clouded turquoise ring
 31747 | Orc:1    | Identified the ring of Jailadd {rF+ MP+9 Str-2 Int+2
                  | Stlth-} (You found it on level 1 of the Orcish Mines)
 31901 | Orc:2    | Entered Level 2 of the Orcish Mines
 31960 | Orc:2    | Noticed an orc warlord
 32137 | Orc:2    | Found Vicsanoy's Antique Armour Boutique.
 32145 | Orc:2    | Found Juxuot's General Store.
 32149 | Orc:2    | Noticed Josephine
 32155 | Orc:2    | Found a staircase to the Elven Halls.
 32157 | Orc:2    | Found Houl Enn's Antique Weapon Shoppe.
 32163 | Orc:2    | Found Awnuocko's Magic Scroll Emporium.
 32177 | Orc:2    | Found a gate leading to a gauntlet.
 32183 | Gauntlet | Entered a Gauntlet
 32183 | Gauntlet | Found a runed translucent door.
 32183 | Gauntlet | Found a transporter.
 32183 | Gauntlet | Found a runed translucent door.
 32183 | Gauntlet | Found a runed translucent door.
 32183 | Gauntlet | Found a transporter.
 32190 | Gauntlet | Found a transporter.
 32206 | Gauntlet | Found a transporter.
 32223 | Gauntlet | Found a transporter.
 32223 | Gauntlet | Found a transporter.
 32225 | Gauntlet | Found a transporter.
 32228 | Gauntlet | Found a transporter.
 32228 | Gauntlet | Found a transporter.
 32241 | Gauntlet | Found a runed translucent gate.
 32244 | Gauntlet | Found a runed translucent gate.
 32245 | Gauntlet | Found a transporter.
 32246 | Gauntlet | Found a runed translucent gate.
 32262 | Gauntlet | Found a transporter.
 32272 | Gauntlet | Found a transporter.
 32290 | Gauntlet | Found a transporter.
 32312 | Gauntlet | Found a transporter.
 32314 | Gauntlet | Found a runed translucent door.
 32489 | Gauntlet | Identified a scroll of acquirement
 32489 | Gauntlet | Acquired Higirises's Handbook of Battle Magic
 32620 | Gauntlet | Reached skill level 1 in Fire Magic
 33121 | Orc:1    | Killed an orc warlord
 33834 | Orc:2    | Found Cuasuarr's Book Boutique.
 33855 | Orc:2    | HP: 2/93 [stone giant (25)]
 34091 | Orc:2    | Killed Josephine
 34436 | Orc:2    | Reached skill level 5 in Conjurations
 34457 | Orc:2    | Noticed an orc warlord
 34783 | Orc:2    | Killed an orc warlord
 34962 | Orc:2    | Paralysed by an orc sorcerer for 2 turns
 35584 | Orc:2    | Reached XP level 16. HP: 83/99 MP: 16/31
 37329 | D:13     | Noticed a sphinx
 37338 | D:13     | Paralysed by a sphinx for 2 turns
 37351 | D:13     | Killed a sphinx
 37641 | D:13     | Found the +8 glaive of the Guard {elec, spectral, AC+5}
 37859 | D:13     | Learned a level 9 spell: Shatter
 38081 | D:14     | Reached skill level 15 in Earth Magic
 38221 | D:14     | Reached skill level 5 in Shields
 38352 | D:14     | Identified Sif Muna's Papyrus of Freezing Intoxication (Sif
                  | Muna gifted it to you on level 14 of the Dungeon)
 38352 | D:14     | Received a gift from Sif Muna
 39380 | D:15     | Entered Level 15 of the Dungeon
 40064 | D:15     | Found a staircase to the Depths.
 40502 | D:15     | Found a glowing golden altar of the Shining One.
 41091 | D:15     | Received a gift from Sif Muna
 41481 | Spider:1 | Entered Level 1 of the Spider Nest
 42137 | Spider:1 | Found a frozen archway.
 42156 | IceCv    | Entered an ice cave
 42874 | IceCv    | Reached XP level 17. HP: 85/104 MP: 31/32
 43268 | IceCv    | Noticed an Ice Fiend
 43279 | IceCv    | Identified Bugaum's Catalogue of the Escort and Conjuration
                  | (Sif Muna gifted it to you in an ice cave)
 43279 | IceCv    | Received a gift from Sif Muna
 43282 | IceCv    | Killed an Ice Fiend
 43283 | IceCv    | Reached skill level 10 in Shields
 43534 | IceCv    | Got a faintly glowing turquoise ring
 43536 | IceCv    | Identified the ring "Nomoet" {rC- rCorr Str+4 Int+3} (You
                  | found it in an ice cave)
 44951 | Spider:2 | Noticed Donald
 44969 | Spider:2 | Killed Donald
 47293 | Spider:3 | Noticed Aviun's ghost (adept SpEn)
 47296 | Spider:3 | Found a runed translucent gate.
 47297 | Spider:3 | Found a runed translucent gate.
 47298 | Spider:3 | Found a runed translucent gate.
 47772 | Spider:3 | Noticed Arachne
 47785 | Spider:3 | Killed Arachne
 48491 | Spider:3 | Killed Aviun's ghost
 48677 | Spider:4 | Entered Level 4 of the Spider Nest
 49204 | Spider:4 | Reached XP level 18. HP: 95/108 MP: 22/33
 49554 | Spider:4 | Identified Heqohen's Compendium of Sinister Rituals and
                  | Stones (Sif Muna gifted it to you on level 4 of the Spider
                  | Nest)
 49554 | Spider:4 | Received a gift from Sif Muna
 50521 | Spider:4 | Found a runed translucent gate.
 50522 | Spider:4 | Found a runed translucent gate.
 50873 | Spider:4 | Noticed Zeiwnipo's ghost (adept HOFi)
 50873 | Spider:4 | Found a runed translucent gate.
 51374 | Spider:4 | Killed Zeiwnipo's ghost
 51549 | Spider:4 | Got a translucent jade amulet
 51550 | Spider:4 | Identified the amulet "Ynakhlu" {Inacc Dex+5} (You found it
                  | on level 4 of the Spider Nest)
 52575 | Spider:4 | Got a gossamer rune of Zot
 52767 | Swamp:1  | Entered Level 1 of the Swamp
 53461 | Swamp:1  | Reached skill level 15 in Shields
 53619 | Swamp:1  | Identified Sif Muna's Grimoire of Enchantment (Sif Muna
                  | gifted it to you on level 1 of the Swamp)
 53619 | Swamp:1  | Received a gift from Sif Muna
 55320 | Swamp:2  | Acquired a +1 tower shield of cold resistance
 55512 | Swamp:2  | Noticed Louise
 55538 | Swamp:2  | Killed Louise
 56457 | Swamp:3  | Got a twitching lead ring
 56458 | Swamp:3  | Identified the ring "Zixox" {rCorr MP+9 Str+3} (You found
                  | it on level 3 of the Swamp)
 56852 | Swamp:4  | Entered Level 4 of the Swamp
 57056 | Swamp:4  | Reached XP level 19. HP: 112/113 MP: 30/34
 57079 | Swamp:4  | Found a runed translucent door.
 57451 | Swamp:4  | Acquired The Foundations of Witchery
 57609 | Swamp:4  | Identified Sif Muna's Reference Book on Stolen Souls (Sif
                  | Muna gifted it to you on level 4 of the Swamp)
 57609 | Swamp:4  | Received a gift from Sif Muna
 58515 | Swamp:4  | Noticed the 27-headed Lernaean hydra
 58522 | Swamp:4  | Killed the 27-headed Lernaean hydra
 58839 | Swamp:4  | Got a decaying rune of Zot
 59488 | Elf:1    | Entered Level 1 of the Elven Halls
 60518 | Elf:1    | Found a runed translucent gate.
 60518 | Elf:1    | Found a runed translucent gate.
 60518 | Elf:1    | Found a runed translucent gate.
 60520 | Elf:1    | Noticed a tentacled monstrosity
 60520 | Elf:1    | Noticed a tentacled monstrosity
 60521 | Elf:1    | Noticed a tentacled monstrosity
 60967 | Elf:2    | Acquired a +0 eveningstar of protection
 61388 | Elf:2    | Reached skill level 10 in Conjurations
 61731 | Elf:2    | Found a runed translucent gate.
 61732 | Elf:2    | Found a runed translucent gate.
 61733 | Elf:2    | Found a runed translucent gate.
 62166 | Elf:2    | Reached XP level 20. HP: 81/119 MP: 18/35
 62477 | Elf:2    | Identified Sif Muna's Catalogue of Companions and Flames
                  | (Sif Muna gifted it to you on level 2 of the Elven Halls)
 62477 | Elf:2    | Received a gift from Sif Muna
 63074 | Elf:3    | Entered Level 3 of the Elven Halls
 63400 | Elf:3    | Identified the cursed +0 dagger "Exaesaf" {venom, rF+}
 63407 | Elf:3    | Identified the cursed +0 scale mail "Fateritu" {+Inv rC++
                  | Slay-3}
 63411 | Elf:3    | Noticed Bai Suzhen
 63424 | Elf:3    | Killed Bai Suzhen
 63812 | Elf:3    | Identified the +6 lajatang of the Saving Pariah {vorpal,
                  | Str+6}
 63881 | Elf:3    | Acquired the Tome of the Forsaken Bounties
 64266 | Elf:3    | Identified the cursed +0 ring mail of Niclurgh {Int+5
                  | Dex-5}
 64387 | Elf:3    | Noticed Nikola
 64394 | Elf:3    | Killed Nikola
 64709 | Elf:3    | Identified Yteepo Toqo's Disquisition on the Escort and
                  | Translocation
 64937 | Elf:3    | Reached XP level 21. HP: 124/124 MP: 34/36
 65390 | Vaults:1 | Entered Level 1 of the Vaults
 65398 | Vaults:1 | Learned a level 5 spell: Borgnjor's Vile Clutch
 66059 | Vaults:1 | Found a magical portal.
 66068 | WizLab   | Entered The Chambers of the Cloud Mage
 67052 | WizLab   | Identified the Collected Works on Flight
 67065 | WizLab   | Identified a +2 pair of boots of running (You found it in a
                  | wizard's laboratory)
 67077 | WizLab   | Got a tattered robe
 67078 | WizLab   | Identified the +1 robe "Pyci" {Rampage +Fly rN++ Dex-5}
                  | (You found it in a wizard's laboratory)
 67416 | Vaults:1 | Received a gift from Sif Muna
 68148 | Vaults:2 | Learned a level 8 spell: Lehudib's Crystal Spear
 68579 | Vaults:2 | Found a runed translucent door.
 68579 | Vaults:2 | Noticed howech's ghost (veteran MiGl)
 69491 | Vaults:2 | Reached XP level 22. HP: 112/128 MP: 38/38
 70653 | Vaults:3 | Found a staircase to the Crypt.
 70674 | Vaults:3 | Found a ruined gateway.
 70690 | Desolati | Entered the Desolation of Salt
 70822 | Desolati | Identified Ocsu's Compendium of Bewitchment (Sif Muna
                  | gifted it to you in the Desolation of Salt)
 70822 | Desolati | Received a gift from Sif Muna
 71111 | Desolati | Identified Femit's Papyrus of Beyond
 71114 | Desolati | Got an ancient copper ring
 71115 | Desolati | Identified the ring "Xugruntuph" {rElec rC+ rN+} (You found
                  | it in the Desolation of Salt)
 71201 | Desolati | Identified the amulet "Kehoth" {Faith rPois rF++ rC+ Int-2}
 71526 | Desolati | Identified the Handbook of Shifting Unholy Magic
 71539 | Desolati | Identified the amulet of Scepticism {Inacc rN+ Dex+3} (You
                  | found it in the Desolation of Salt)
 71542 | Desolati | Identified the +0 cloak of the Haunted Jackalope {+Blink
                  | Int+4} (You found it in the Desolation of Salt)
 71641 | Desolati | Identified Goyr's Disquisition on the Flamy Traveller
 71842 | Desolati | Got a sparkling marble ring
 71844 | Desolati | Identified the ring "Rug Quhu" {rF- rCorr Str+4} (You found
                  | it in the Desolation of Salt)
 72555 | Vaults:3 | Received a gift from Sif Muna
 72993 | Vaults:3 | Found a transporter.
 72997 | Vaults:3 | Identified the +7 flail "Motee" {flame, rF+ Str+5 Stlth+}
 73006 | Vaults:3 | Found a transporter.
 73799 | Vaults:3 | Reached skill level 27 in Earth Magic
 74357 | Vaults:3 | Reached XP level 23. HP: 131/133 MP: 22/40
 74955 | Vaults:4 | Acquired a manual of Necromancy
 75059 | Vaults:4 | Reached skill level 1 in Necromancy
 75184 | Vaults:4 | Found a gateway to a bazaar.
 75201 | Bazaar   | Entered a bazaar
 75209 | Bazaar   | Found Seerumoe's Gadget Shop.
 75221 | Bazaar   | Found Beec's Book Shop.
 75695 | Vaults:4 | Identified Sif Muna's Advanced Magic (Sif Muna gifted it to
                  | you on level 4 of the Vaults)
 75695 | Vaults:4 | Received a gift from Sif Muna
 76326 | Vaults:5 | Entered Level 5 of the Vaults
 76329 | Vaults:5 | Reached skill level 15 in Spellcasting
 76338 | Vaults:5 | Noticed a golden dragon
 76343 | Vaults:5 | Killed a golden dragon
 76552 | Vaults:5 | Identified the +9 fustibalus of Jeisedy {venom, rPois rN+
                  | Dex-3}
 76554 | Vaults:5 | Identified Sif Muna's Incunabulum of the Warped Glacier
                  | (Sif Muna gifted it to you on level 5 of the Vaults)
 76554 | Vaults:5 | Received a gift from Sif Muna
 76562 | Vaults:5 | Reached skill level 10 in Necromancy
 76569 | Vaults:5 | Identified the +3 scale mail of Hanus Keo {+Fly}
 76768 | Vaults:5 | Identified the ring "Optinty" {MP+9 Int+4 Slay+3}
 76774 | Vaults:5 | Reached XP level 24. HP: 139/139 MP: 4/42
 77349 | Vaults:5 | Identified the +5 scale mail "Widasill" {rPois Will+ Int+4}
 78694 | Vaults:5 | Identified the Catalogue of Arcane Weapons
 78784 | Vaults:5 | Got a silver rune of Zot
 79418 | Slime:1  | Entered Level 1 of the Pits of Slime
 79433 | Slime:3  | Noticed Dissolution
 79437 | Slime:3  | Killed Dissolution
 80377 | Slime:3  | Identified Sif Muna's Grimoire of Ashen Moulding (Sif Muna
                  | gifted it to you on level 3 of the Pits of Slime)
 80377 | Slime:3  | Received a gift from Sif Muna
 80660 | Slime:5  | Entered Level 5 of the Pits of Slime
 80852 | Slime:5  | Noticed the Royal Jelly
 80853 | Slime:5  | Found a viscous altar of Jiyva.
 80861 | Slime:5  | Reached XP level 25. HP: 76/144 MP: 24/44
 80871 | Slime:5  | Killed the Royal Jelly
 82204 | Slime:5  | Got a heavily runed golden ring
 82226 | Slime:5  | Identified the ring of Sunlight {*Drain +Fly rElec rPois
                  | Int+6 Dex-5} (You found it on level 5 of the Pits of Slime)
 82293 | Slime:5  | Identified the +0 pair of gloves of Calculation {rF+} (You
                  | found it on level 5 of the Pits of Slime)
 82298 | Slime:5  | Got a slimy rune of Zot
 82363 | Slime:5  | Got a translucent wooden ring
 82365 | Slime:5  | Identified the ring "Meqynu" {*Tele Will+ Stlth+} (You
                  | found it on level 5 of the Pits of Slime)
 82371 | Slime:5  | Got a faintly glowing amber ring
 82372 | Slime:5  | Identified the ring of Satisfaction {+Blink Slay+4 Stlth+}
                  | (You found it on level 5 of the Pits of Slime)
 82787 | Crypt:1  | Entered Level 1 of the Crypt
 82787 | Crypt:1  | Noticed Mennas
 82838 | Vaults:3 | Killed Mennas
 85715 | Crypt:3  | Entered Level 3 of the Crypt
 85992 | Crypt:3  | Reached XP level 26. HP: 127/149 MP: 28/47
 86174 | Crypt:3  | Noticed a royal mummy
 86175 | Crypt:3  | Noticed a royal mummy
 86176 | Crypt:3  | Noticed Khufu
 86179 | Crypt:3  | Killed a royal mummy
 86179 | Crypt:3  | Noticed a royal mummy
 86181 | Crypt:3  | Killed a royal mummy
 86495 | Crypt:3  | Killed a royal mummy
 86704 | Crypt:3  | Killed Khufu
 87360 | Crypt:3  | Received a gift from Sif Muna
 87997 | Crypt:3  | Reached skill level 5 in Maces & Flails
 89057 | Crypt:3  | Identified the Almanac of the Compass
 89110 | Crypt:3  | Found a basalt altar of Yredelemnul.
 89232 | Crypt:3  | Noticed a royal mummy
 89239 | Crypt:3  | Killed a royal mummy
 89384 | Crypt:3  | Found a staircase to the Tomb.
 90229 | Depths:1 | Entered Level 1 of the Depths
 90229 | Depths:1 | Found a one-way gate to the infinite horrors of the Abyss.
 90540 | Depths:1 | Received a gift from Sif Muna
 90553 | Depths:1 | Reached skill level 10 in Stealth
 91015 | Depths:1 | Reached XP level 27. HP: 160/160 MP: 47/47
 91047 | Depths:1 | Found a one-way gate leading to the halls of Pandemonium.
 91298 | Depths:1 | Found a gateway to Hell.
 91400 | Depths:1 | Noticed Hifrefadd's ghost (adept DgCj)
 91405 | Depths:1 | Killed Hifrefadd's ghost
 91629 | Depths:1 | Found a transporter.
 91669 | Depths:1 | Found a transporter.
 91690 | Depths:1 | Identified the +1 hat of the Hanged Man {Dex+3} (You found
                  | it on level 1 of the Depths)
 92344 | Depths:2 | Found Gyzxal's Antique Armour Shop.
 92348 | Depths:2 | Found Foihaug's Jewellery Boutique.
 92349 | Depths:2 | Found Zaasahuc's Antique Armour Shop.
 92352 | Depths:2 | Bought an ichor-stained helmet for 323 gold pieces
 92353 | Depths:2 | Identified the +2 helmet of Ycwuy {rN+ rCorr Slay+3} (You
                  | bought it in a shop on level 2 of the Depths)
 92369 | Depths:2 | Bought a wizard robe for 205 gold pieces
 92371 | Depths:2 | Identified the +4 robe of Sunlight {Rampage rC+} (You
                  | bought it in a shop on level 2 of the Depths)
 92781 | Depths:2 | You are sucked into a shaft and drop 2 floors!
 92781 | Depths:4 | Found Ygaidon's One-of-a-Kind Books.
 92795 | Depths:4 | Found a transporter.
 92802 | Depths:4 | Found a transporter.
 92885 | Depths:4 | Noticed the Enchantress
 92891 | Depths:4 | Killed the Enchantress
 93296 | Depths:3 | Noticed Margery
 93298 | Depths:3 | Killed Margery
 93302 | Depths:3 | Noticed a juggernaut
 93599 | Depths:3 | Identified Sif Muna's Intricacies of Rites and Rhymes (Sif
                  | Muna gifted it to you on level 3 of the Depths)
 93599 | Depths:3 | Received a gift from Sif Muna
 93626 | Depths:3 | Noticed Frederick
 93629 | Depths:3 | Killed Frederick
 93634 | Depths:3 | Noticed Sojobo
 93638 | Depths:3 | Killed Sojobo
 93643 | Depths:3 | Reached skill level 10 in Maces & Flails
 93859 | Depths:3 | Acquired 553 gold pieces
 94366 | Depths:3 | Killed a juggernaut
 94544 | Depths:3 | Found a broken altar of Ashenzari.
 94736 | Depths:2 | Reached skill level 15 in Fighting
 96152 | Depths:4 | Noticed a juggernaut
 96223 | Depths:4 | Killed a juggernaut
 96436 | Depths:4 | Found a bloodstained altar of Trog.
 96437 | Depths:4 | Found the cursed necklace of Bloodlust {*Rage +Rage Will++
                  | Int-3 Slay+6 *Curse}
 96437 | Depths:4 | Found a runed translucent door.
 97245 | Depths:3 | Identified Sif Muna's Collected Works on Frigorific
                  | Summoning (Sif Muna gifted it to you on level 3 of the
                  | Depths)
 97245 | Depths:3 | Received a gift from Sif Muna
 97398 | Depths:5 | Entered Level 5 of the Depths
 97770 | Depths:5 | Found a gate to the Realm of Zot.
 98257 | Depths:5 | Found Qeyfid's Jewellery Shoppe.
 98257 | Depths:5 | Found Roaro's Gadget Boutique.
 98259 | Depths:5 | Found Qegimn's Gadget Boutique.
 98271 | Depths:5 | Bought a wand of acid (9) for 338 gold pieces
 98271 | Depths:5 | Bought a wand of acid (3) for 182 gold pieces
 98310 | Depths:5 | Found a gateway to a ziggurat.
 98873 | Depths:4 | Voluntarily entered the Abyss.
 99105 | Abyss:3  | Acquired 1121 gold pieces
 99171 | Abyss:3  | Reached skill level 15 in Stealth
 99550 | Abyss:3  | Found a corrupted altar of Lugonu.
100046 | Abyss:3  | Got an abyssal rune of Zot
100223 | Depths:4 | Escaped the Abyss
100382 | Zot:1    | Entered Level 1 of the Realm of Zot
100735 | Zot:1    | Received a gift from Sif Muna
102086 | Zot:2    | Noticed an orb of fire
102087 | Zot:2    | Gained mutation: Your magical capacity is low. (-10% MP)
                  | [an orb of fire]
102087 | Zot:2    | Gained mutation: You tend to lose your temper in combat.
                  | [an orb of fire]
102088 | Zot:2    | Gained mutation: You often lose your temper in combat. [an
                  | orb of fire]
102091 | Zot:2    | Killed an orb of fire
102092 | Zot:2    | Lost mutation: Your magical capacity is low. (-10% MP)
                  | [potion of mutation]
102092 | Zot:2    | Lost mutation: You often lose your temper in combat.
                  | [potion of mutation]
102092 | Zot:2    | Lost mutation: You tend to lose your temper in combat.
                  | [potion of mutation]
102092 | Zot:2    | Gained mutation: You are partially covered in thin metallic
                  | scales. (AC +2) [potion of mutation]
102092 | Zot:2    | Gained mutation: You have sharp toenails. [potion of
                  | mutation]
102092 | Zot:2    | Gained mutation: You are robust. (+10% HP) [potion of
                  | mutation]
104699 | Zot:4    | Identified Sif Muna's Reference Book on the Supportive
                  | Traveller (Sif Muna gifted it to you on level 4 of the
                  | Realm of Zot)
104699 | Zot:4    | Received a gift from Sif Muna
105581 | Zot:4    | Reached skill level 15 in Maces & Flails
105937 | Zot:4    | Noticed an orb of fire
105941 | Zot:4    | Lost mutation: You are robust. (+10% HP) [an orb of fire]
105942 | Zot:4    | Killed an orb of fire
107211 | Zot:5    | Entered Level 5 of the Realm of Zot
107721 | Zot:5    | Noticed an ancient lich
107796 | Zot:5    | Noticed an orb of fire
107804 | Zot:5    | Killed an orb of fire
107923 | Zot:5    | Noticed an orb of fire
107924 | Zot:5    | Gained mutation: You tend to lose your temper in combat.
                  | [an orb of fire]
107927 | Zot:5    | Noticed an orb of fire
107932 | Zot:5    | Killed an orb of fire
108189 | Zot:5    | Lost mutation: You are partially covered in thin metallic
                  | scales. (AC +2) [potion of mutation]
108189 | Zot:5    | Lost mutation: You tend to lose your temper in combat.
                  | [potion of mutation]
108189 | Zot:5    | Lost mutation: You have sharp toenails. [potion of
                  | mutation]
108189 | Zot:5    | Gained mutation: Your body sometimes deteriorates upon
                  | taking damage. [potion of mutation]
108189 | Zot:5    | Gained mutation: You have an increased reservoir of magic.
                  | (+10% MP) [potion of mutation]
108190 | Zot:5    | Lost mutation: You have an increased reservoir of magic.
                  | (+10% MP) [potion of mutation]
108190 | Zot:5    | Lost mutation: Your body sometimes deteriorates upon taking
                  | damage. [potion of mutation]
108190 | Zot:5    | Gained mutation: Scrolls take you a little longer to read.
                  | [potion of mutation]
108190 | Zot:5    | Lost mutation: Scrolls take you a little longer to read.
                  | [potion of mutation]
108190 | Zot:5    | Gained mutation: You are agile. (Dex +2) [potion of
                  | mutation]
108190 | Zot:5    | Gained mutation: You are partially covered in iridescent
                  | scales. (AC +2) [potion of mutation]
108210 | Zot:5    | Noticed an orb of fire
108214 | Zot:5    | Gained mutation: Scrolls take you a little longer to read.
                  | [an orb of fire]
108215 | Zot:5    | Killed an orb of fire
108353 | Zot:5    | Killed an ancient lich
108360 | Zot:5    | Killed an orb of fire
108824 | Zot:5    | Noticed an orb of fire
108826 | Zot:5    | Gained mutation: You are robust. (+10% HP) [an orb of fire]
108830 | Zot:5    | Gained mutation: Your spells are a little easier to cast,
                  | but a little less powerful. [an orb of fire]
108832 | Zot:5    | Killed an orb of fire
109653 | Zot:5    | Lost mutation: Your spells are a little easier to cast, but
                  | a little less powerful. [potion of mutation]
109653 | Zot:5    | Lost mutation: Scrolls take you a little longer to read.
                  | [potion of mutation]
109653 | Zot:5    | Lost mutation: You are agile. (Dex +2) [potion of mutation]
109653 | Zot:5    | Gained mutation: Your body sometimes deteriorates upon
                  | taking damage. [potion of mutation]
109653 | Zot:5    | Gained mutation: You are mostly covered in iridescent
                  | scales. (AC +4) [potion of mutation]
109654 | Zot:5    | Lost mutation: You are robust. (+10% HP) [potion of
                  | mutation]
109654 | Zot:5    | Lost mutation: You are mostly covered in iridescent scales.
                  | (AC +4) [potion of mutation]
109654 | Zot:5    | Lost mutation: Your body sometimes deteriorates upon taking
                  | damage. [potion of mutation]
109654 | Zot:5    | Lost mutation: You are partially covered in iridescent
                  | scales. (AC +2) [potion of mutation]
109654 | Zot:5    | Gained mutation: Your body sometimes deteriorates upon
                  | taking damage. [potion of mutation]
109654 | Zot:5    | Gained mutation: You have a pair of small antennae on your
                  | head. [potion of mutation]
109655 | Zot:5    | Lost mutation: You have a pair of small antennae on your
                  | head. [potion of mutation]
109655 | Zot:5    | Lost mutation: Your body sometimes deteriorates upon taking
                  | damage. [potion of mutation]
109655 | Zot:5    | Gained mutation: You have large cloven feet. [potion of
                  | mutation]
109655 | Zot:5    | Gained mutation: Your spells are a little harder to cast,
                  | but a little more powerful. [potion of mutation]
109909 | Pan      | Entered Pandemonium
110018 | Pan      | Noticed Noatz the pandemonium lord
110020 | Pan      | Killed Noatz the pandemonium lord
110307 | Pan      | Gained mutation: You occasionally shout uncontrollably at
                  | your foes. [a cacodemon]
110578 | Pan      | Found a runed translucent door.
110578 | Pan      | Noticed Qolemm the pandemonium lord
110585 | Pan      | Killed Qolemm the pandemonium lord
110871 | Pan      | Entered the realm of Lom Lobon.
110879 | Pan      | Acquired the ring of Koyrph Nexi {rElec Slay+4 SInv Stlth+}
111234 | Pan      | Noticed Lom Lobon
111248 | Pan      | Killed Lom Lobon
111269 | Pan      | Got a magical rune of Zot
112048 | Pan      | Entered the realm of Cerebov.
113458 | Pan      | Got a pitted lead amulet
113460 | Pan      | Identified the amulet "Epuedgheu" {Inacc *Drain rPois rC+
                  | Str+2} (You found it in Pandemonium)
113613 | Pan      | Identified the cursed +0 ring mail of Noon {Harm rElec}
113844 | Pan      | Identified the ring "Kirinidgh" {rF+++ rC- rCorr}
113936 | Pan      | Found the +6 sword of Cerebov {flame}
113936 | Pan      | Noticed Cerebov
113951 | Pan      | Killed Cerebov
114269 | Pan      | Got a fiery rune of Zot
115824 | Pan      | Reached ****** piety under Sif Muna
116411 | Pan      | Noticed Qybuhu the pandemonium lord
116414 | Pan      | Reached skill level 15 in Dodging
116690 | Pan      | Entered the realm of Mnoleg.
116904 | Pan      | Gained mutation: You are occasionally teleported next to
                  | monsters. [a cacodemon]
117029 | Pan      | Gained mutation: Your magical capacity is low. (-10% MP) [a
                  | cacodemon]
117135 | Pan      | Gained mutation: You are dopey. (Int -2) [a cacodemon]
117276 | Pan      | Noticed Mnoleg
117285 | Pan      | Killed Mnoleg
117288 | Pan      | Gained mutation: Potions are less effective at restoring
                  | your health. [a cacodemon]
117306 | Pan      | Lost mutation: Your spells are a little harder to cast, but
                  | a little more powerful. [a cacodemon]
117501 | Pan      | Gained mutation: Scrolls take you a little longer to read.
                  | [a cacodemon]
117602 | Pan      | Got a glowing rune of Zot
117604 | Pan      | Lost mutation: Your magical capacity is low. (-10% MP)
                  | [potion of mutation]
117604 | Pan      | Lost mutation: Scrolls take you a little longer to read.
                  | [potion of mutation]
117604 | Pan      | Lost mutation: You occasionally shout uncontrollably at
                  | your foes. [potion of mutation]
117604 | Pan      | Gained mutation: Scrolls take you a little longer to read.
                  | [potion of mutation]
117604 | Pan      | Lost mutation: You are dopey. (Int -2) [potion of mutation]
117604 | Pan      | Gained mutation: You are robust. (+10% HP) [potion of
                  | mutation]
117605 | Pan      | Lost mutation: Scrolls take you a little longer to read.
                  | [potion of mutation]
117605 | Pan      | Lost mutation: You have large cloven feet. [potion of
                  | mutation]
117605 | Pan      | Lost mutation: You are robust. (+10% HP) [potion of
                  | mutation]
117605 | Pan      | Gained mutation: You have supernaturally acute eyesight.
                  | (SInv) [potion of mutation]
117605 | Pan      | Gained mutation: You tend to lose your temper in combat.
                  | [potion of mutation]
117605 | Pan      | Gained mutation: You expend magic power (3 MP) to
                  | strengthen your wands. [potion of mutation]
117785 | Pan      | Gained mutation: You are frail. (-10% HP) [a neqoxec]
117841 | Pan      | Entered the realm of Gloorx Vloq.
118209 | Pan      | Noticed Gloorx Vloq
118220 | Pan      | Killed Gloorx Vloq
118558 | Pan      | Got a dark rune of Zot
118922 | Depths:3 | Escaped Pandemonium
119242 | Orc:2    | Bought a scroll of blinking for 120 gold pieces
119242 | Orc:2    | Bought a potion of mutation for 128 gold pieces
119242 | Orc:2    | Bought 2 potions of mutation for 256 gold pieces
119340 | Elf:1    | Found a runed translucent gate.
119340 | Elf:1    | Found a runed translucent gate.
119341 | Elf:1    | Found a runed translucent gate.
119346 | Elf:1    | Noticed Kave's ghost (adept TrTm)
119425 | Elf:1    | Killed Kave's ghost
119449 | Elf:1    | Got a polished hat
119468 | Elf:1    | Identified the +2 hat of Dithmenos's Favour {Str+2 Dex+3}
                  | (You found it on level 1 of the Elven Halls)
119473 | Elf:1    | Lost mutation: Potions are less effective at restoring your
                  | health. [potion of mutation]
119473 | Elf:1    | Lost mutation: You expend magic power (3 MP) to strengthen
                  | your wands. [potion of mutation]
119473 | Elf:1    | Gained mutation: You are sometimes teleported next to
                  | monsters. [potion of mutation]
119473 | Elf:1    | Lost mutation: You tend to lose your temper in combat.
                  | [potion of mutation]
119473 | Elf:1    | Gained mutation: Your body sometimes deteriorates upon
                  | taking damage. [potion of mutation]
119473 | Elf:1    | Gained mutation: You expend magic power (3 MP) to
                  | strengthen your wands. [potion of mutation]
119474 | Elf:1    | Lost mutation: Your body sometimes deteriorates upon taking
                  | damage. [potion of mutation]
119474 | Elf:1    | Lost mutation: You expend magic power (3 MP) to strengthen
                  | your wands. [potion of mutation]
119474 | Elf:1    | Gained mutation: You are dopey. (Int -2) [potion of
                  | mutation]
119474 | Elf:1    | Gained mutation: You are agile. (Dex +2) [potion of
                  | mutation]
119475 | Elf:1    | Lost mutation: You are sometimes teleported next to
                  | monsters. [potion of mutation]
119475 | Elf:1    | Lost mutation: You are agile. (Dex +2) [potion of mutation]
119475 | Elf:1    | Lost mutation: You are frail. (-10% HP) [potion of
                  | mutation]
119475 | Elf:1    | Gained mutation: You have a somewhat thin skeletal
                  | structure. (Dex +2, Stealth) [potion of mutation]
119475 | Elf:1    | Gained mutation: You have large cloven feet. [potion of
                  | mutation]
119476 | Elf:1    | Lost mutation: You have a somewhat thin skeletal structure.
                  | (Dex +2, Stealth) [potion of mutation]
119476 | Elf:1    | Lost mutation: You are dopey. (Int -2) [potion of mutation]
119476 | Elf:1    | Gained mutation: You are frail. (-10% HP) [potion of
                  | mutation]
119476 | Elf:1    | Gained mutation: You are somewhat resistant to further
                  | mutation. [potion of mutation]
119476 | Elf:1    | Gained mutation: You can translocate small distances at
                  | will. [potion of mutation]
119477 | Elf:1    | Lost mutation: You can translocate small distances at will.
                  | [potion of mutation]
119477 | Elf:1    | Lost mutation: You have large cloven feet. [potion of
                  | mutation]
119477 | Elf:1    | Lost mutation: You have supernaturally acute eyesight.
                  | (SInv) [potion of mutation]
119477 | Elf:1    | Gained mutation: You have supernaturally acute eyesight.
                  | (SInv) [potion of mutation]
119478 | Elf:1    | Lost mutation: You have supernaturally acute eyesight.
                  | (SInv) [potion of mutation]
119478 | Elf:1    | Lost mutation: You are somewhat resistant to further
                  | mutation. [potion of mutation]
119478 | Elf:1    | Lost mutation: You are frail. (-10% HP) [potion of
                  | mutation]
119478 | Elf:1    | Gained mutation: Your spells are a little easier to cast,
                  | but a little less powerful. [potion of mutation]
119478 | Elf:1    | Gained mutation: Your natural rate of healing is unusually
                  | fast. [potion of mutation]
119478 | Elf:1    | Gained mutation: You are frail. (-10% HP) [potion of
                  | mutation]
119478 | Elf:1    | Gained mutation: Your flesh is cold resistant. (rC+)
                  | [potion of mutation]
119479 | Elf:1    | Lost mutation: You are frail. (-10% HP) [potion of
                  | mutation]
119479 | Elf:1    | Lost mutation: Your spells are a little easier to cast, but
                  | a little less powerful. [potion of mutation]
119479 | Elf:1    | Lost mutation: Your natural rate of healing is unusually
                  | fast. [potion of mutation]
119479 | Elf:1    | Gained mutation: Your movements are slightly less
                  | encumbered by armour. (ER -2) [potion of mutation]
119479 | Elf:1    | Gained mutation: You are agile. (Dex +2) [potion of
                  | mutation]
119480 | Elf:1    | Lost mutation: You are agile. (Dex +2) [potion of mutation]
119480 | Elf:1    | Lost mutation: Your flesh is cold resistant. (rC+) [potion
                  | of mutation]
119480 | Elf:1    | Gained mutation: Your spells are a little easier to cast,
                  | but a little less powerful. [potion of mutation]
119480 | Elf:1    | Lost mutation: Your spells are a little easier to cast, but
                  | a little less powerful. [potion of mutation]
119877 | Pan      | Entered Pandemonium
120280 | Pan      | Noticed Ravuricw the pandemonium lord
120338 | Pan      | Killed Ravuricw the pandemonium lord
120841 | Pan      | Identified the Guide on Mutagenic Necromancy
120844 | Pan      | Got a demonic rune of Zot
121126 | Pan      | Found an exit through the horrors of the Abyss.
121135 | Pan      | Took an exit into the Abyss.
121135 | Abyss:1  | Escaped into the Abyss
121145 | Depths:1 | Escaped the Abyss
121333 | Zig:1    | Entered Level 1 of a ziggurat
121334 | Zig:1    | Noticed Zavan Pacw the pandemonium lord
121342 | Zig:1    | Killed Zavan Pacw the pandemonium lord
121433 | Zig:2    | Entered Level 2 of a ziggurat
121572 | Zig:3    | Entered Level 3 of a ziggurat
121575 | Zig:3    | Noticed Xigiur the pandemonium lord
121582 | Zig:3    | Killed Xigiur the pandemonium lord
121710 | Zig:4    | Entered Level 4 of a ziggurat
121745 | Zig:4    | Got a fine diamond amulet
121746 | Zig:4    | Identified the amulet "Rufyro" {RegenMP Int+4} (You found
                  | it on level 4 of a ziggurat)
121761 | Zig:4    | Acquired a manual of Shields
121769 | Zig:5    | Entered Level 5 of a ziggurat
121831 | Zig:6    | Entered Level 6 of a ziggurat
121935 | Zig:7    | Entered Level 7 of a ziggurat
121941 | Zig:7    | Noticed Hobrooch the pandemonium lord
121942 | Zig:7    | Found the +10 dark maul {vorpal}
121942 | Zig:7    | Noticed Mapnop the pandemonium lord
121950 | Zig:7    | Killed Hobrooch the pandemonium lord
121952 | Zig:7    | Killed Mapnop the pandemonium lord
122067 | Zig:7    | Got a translucent tower shield
122070 | Zig:7    | Identified the cursed +0 tower shield of Ysiasie {rC+
                  | rCorr} (You found it on level 7 of a ziggurat)
122103 | Zig:8    | Entered Level 8 of a ziggurat
122133 | Zig:8    | Got a steaming wooden ring
122138 | Zig:8    | Identified the ring of Doowk {rPois Str+2 Int+6 Dex+3
                  | Stlth-} (You found it on level 8 of a ziggurat)
122234 | Zig:9    | Entered Level 9 of a ziggurat
122272 | Zig:9    | Identified the +1 robe "Hodoc" {Rampage rElec rC+} (You
                  | found it on level 9 of a ziggurat)
122341 | Zig:10   | Entered Level 10 of a ziggurat
122353 | Zig:10   | Reached skill level 27 in Spellcasting
122365 | Zig:10   | Lost mutation: You are occasionally teleported next to
                  | monsters. [potion of mutation]
122365 | Zig:10   | Lost mutation: Your movements are slightly less encumbered
                  | by armour. (ER -2) [potion of mutation]
122365 | Zig:10   | Gained mutation: You have sharp toenails. [potion of
                  | mutation]
122365 | Zig:10   | Gained mutation: Scrolls take you a little longer to read.
                  | [potion of mutation]
122365 | Zig:10   | Gained mutation: You are frail. (-10% HP) [potion of
                  | mutation]
122365 | Zig:10   | Gained mutation: You have a somewhat thin skeletal
                  | structure. (Dex +2, Stealth) [potion of mutation]
122384 | Zig:10   | Got a steaming diamond amulet
122398 | Zig:10   | Got a twisted cloak
122415 | Zig:10   | Identified the +2 cloak of Weightlessness {rElec rN+} (You
                  | found it on level 10 of a ziggurat)
122435 | Zig:10   | Identified the amulet "Femoso" {Reflect *Slow rC- Int+8
                  | SH+5 Stlth+} (You found it on level 10 of a ziggurat)
122456 | Zig:11   | Entered Level 11 of a ziggurat
122558 | Zig:11   | Identified Xuradipn's Disquisition on Cloudy Displacement
122564 | Zig:11   | Identified Fisurghih's Handbook of Torrid Poison
122592 | Zig:11   | Acquired the +3 pair of gauntlets of War {Slay+5}
122592 | Zig:11   | Found the +3 pair of gauntlets of War {Slay+5}
122608 | Zig:11   | Got a heavily runed turquoise ring
122616 | Zig:11   | Identified the ring of Butchery {rPois rC+ Will+ Str-2}
                  | (You found it on level 11 of a ziggurat)
122625 | Zig:12   | Entered Level 12 of a ziggurat
122636 | Zig:12   | Found the +10 morningstar "Eos" {elec, Halo rElec}
122996 | Zig:12   | Got a sparkling steel ring
122999 | Zig:12   | Identified the ring of the Demon Prince {+Inv rElec Will+
                  | Str+6 Int-3} (You found it on level 12 of a ziggurat)
123059 | Zig:13   | Entered Level 13 of a ziggurat
123098 | Zig:14   | Entered Level 14 of a ziggurat
123476 | Zig:14   | Found the +8 autumn katana {vorpal, Clar}
123505 | Zig:14   | Lost mutation: You are frail. (-10% HP) [potion of
                  | mutation]
123505 | Zig:14   | Lost mutation: You have sharp toenails. [potion of
                  | mutation]
123505 | Zig:14   | Lost mutation: You have a somewhat thin skeletal structure.
                  | (Dex +2, Stealth) [potion of mutation]
123505 | Zig:14   | Gained mutation: You are partially covered in iridescent
                  | scales. (AC +2) [potion of mutation]
123505 | Zig:14   | Gained mutation: Your spells are a little easier to cast,
                  | but a little less powerful. [potion of mutation]
123505 | Zig:14   | Gained mutation: You are surrounded by a mild repulsion
                  | field. (EV +2) [potion of mutation]
123535 | Zig:14   | Got a heavily runed golden ring
123589 | Zig:14   | Identified the ring of Skepticism {MP+9 Int+5 Dex+4} (You
                  | found it on level 14 of a ziggurat)
123624 | Zig:15   | Entered Level 15 of a ziggurat
124013 | Zig:15   | Found the +11 plutonium sword {*Contam Stlth-}
124048 | Zig:15   | Lost mutation: Scrolls take you a little longer to read.
                  | [potion of mutation]
124048 | Zig:15   | Lost mutation: Your spells are a little easier to cast, but
                  | a little less powerful. [potion of mutation]
124048 | Zig:15   | Lost mutation: You are partially covered in iridescent
                  | scales. (AC +2) [potion of mutation]
124048 | Zig:15   | Gained mutation: You are agile. (Dex +2) [potion of
                  | mutation]
124048 | Zig:15   | Gained mutation: Your muscles are strong. (Str +2) [potion
                  | of mutation]
124048 | Zig:15   | Gained mutation: You are somewhat resistant to further
                  | mutation. [potion of mutation]
124119 | Zig:15   | Got a translucent golden ring
124123 | Zig:15   | Identified the ring "Houm" {+Blink rElec rC+ rCorr Str+2}
                  | (You found it on level 15 of a ziggurat)
125043 | Hell     | Entered the Vestibule of Hell
125043 | Hell     | Noticed Geryon
125053 | Hell     | Killed Geryon
125936 | Hell     | Found a gateway to the freezing wastes of Cocytus.
126152 | Hell     | Found a gateway to the decaying netherworld of Tartarus.
126243 | Hell     | Found a gateway to the ashen valley of Gehenna.
126309 | Hell     | Found a gateway to the Iron City of Dis.
126411 | Tar:1    | Entered Level 1 of Tartarus
127028 | Tar:7    | Entered Level 7 of Tartarus
127210 | Tar:7    | Noticed an ancient lich
127246 | Tar:7    | Killed an ancient lich
127914 | Tar:7    | Noticed Ereshkigal
127919 | Tar:7    | Killed Ereshkigal
127932 | Tar:7    | Reached skill level 15 in Invocations
128691 | Tar:7    | Noticed an ancient lich
128700 | Tar:7    | Killed an ancient lich
128889 | Tar:7    | Noticed an ancient lich
128895 | Tar:7    | Got a bone rune of Zot
128902 | Tar:7    | Killed an ancient lich
129073 | Dis:1    | Entered Level 1 of the Iron City of Dis
129721 | Dis:7    | Entered Level 7 of the Iron City of Dis
130777 | Dis:7    | Identified the ring of the Enemy {+Fly Str+3}
131221 | Dis:7    | Found the +4 staff of Dispater
131221 | Dis:7    | Noticed Dispater
131252 | Dis:7    | Killed Dispater
131297 | Dis:7    | Got an iron rune of Zot
131299 | Dis:7    | Identified Hixae's Papyrus of Battle Magic
131658 | Geh:1    | Entered Level 1 of Gehenna
132495 | Geh:7    | Entered Level 7 of Gehenna
132986 | Geh:7    | Identified the Compendium of Creative Displacement
133557 | Geh:7    | Found the +7 sceptre of Asmodeus
133557 | Geh:7    | Noticed Asmodeus
133564 | Geh:7    | Found the macabre finger necklace {rN+}
134336 | Geh:7    | Got an obsidian rune of Zot
134446 | Coc:1    | Entered Level 1 of Cocytus
134674 | Coc:2    | Reached skill level 27 in Stealth
135547 | Coc:7    | Entered Level 7 of Cocytus
136018 | Coc:7    | Found the +2 cloak of the Thief {*Fog Slay-2 SInv Stlth+}
136272 | Coc:7    | Noticed the Serpent of Hell
136282 | Coc:7    | Killed the Serpent of Hell
136955 | Coc:7    | Identified the ring of Rogre {rN+ rCorr Dex-4 Stlth+}
136955 | Coc:7    | Noticed Antaeus
136990 | Coc:7    | Killed Antaeus
137030 | Coc:7    | Got an icy rune of Zot
137054 | Coc:7    | Got a smouldering morningstar
137055 | Coc:7    | Identified the +8 morningstar of the World {venom, rF+ rC+
                  | Will- Dex+4} (You found it on level 7 of Cocytus)
137062 | Coc:7    | Got a translucent ivory ring
137079 | Coc:7    | Identified the ring of Suan Iwo {rN+ Int+2 Stlth+} (You
                  | found it on level 7 of Cocytus)
137710 | Tomb:1   | Entered Level 1 of the Tomb of the Ancients
139323 | Tomb:1   | Noticed a royal mummy
139329 | Tomb:1   | Noticed a royal mummy
139330 | Tomb:1   | Noticed a royal mummy
139335 | Tomb:1   | Killed a royal mummy
139782 | Tomb:1   | Noticed a royal mummy
139782 | Tomb:1   | Noticed a royal mummy
139782 | Tomb:1   | Noticed a royal mummy
139782 | Tomb:1   | Noticed a royal mummy
139782 | Tomb:1   | Noticed a royal mummy
139782 | Tomb:1   | Noticed a royal mummy
139938 | Tomb:1   | Killed a royal mummy
139939 | Tomb:1   | Killed a royal mummy
139939 | Tomb:1   | Killed a royal mummy
139941 | Tomb:1   | Killed a royal mummy
139942 | Tomb:1   | Killed a royal mummy
140243 | Tomb:1   | Noticed a royal mummy
140244 | Tomb:1   | Noticed a royal mummy
140246 | Tomb:1   | Killed a royal mummy
140246 | Tomb:1   | Killed a royal mummy
140248 | Tomb:1   | Killed a royal mummy
140677 | Tomb:1   | Noticed a royal mummy
140691 | Tomb:1   | Killed a royal mummy
140921 | Tomb:1   | Killed a royal mummy
141039 | Tomb:2   | Noticed a royal mummy
141043 | Tomb:2   | Noticed a royal mummy
141087 | Tomb:2   | Noticed a royal mummy
141097 | Tomb:2   | Killed a royal mummy
141100 | Tomb:2   | Killed a royal mummy
141101 | Tomb:2   | Noticed a royal mummy
141106 | Tomb:2   | Killed a royal mummy
141113 | Tomb:2   | Killed a royal mummy
141867 | Tomb:3   | Entered Level 3 of the Tomb of the Ancients
141879 | Tomb:3   | Noticed a royal mummy
141888 | Tomb:3   | Killed a royal mummy
141899 | Tomb:3   | Noticed a royal mummy
141899 | Tomb:3   | Noticed a royal mummy
141899 | Tomb:3   | Noticed a royal mummy
141899 | Tomb:3   | Noticed a royal mummy
141900 | Tomb:3   | Noticed a royal mummy
141900 | Tomb:3   | HP: 9/196 [bennu (13)]
141900 | Tomb:3   | Killed from afar by a royal mummy

Illustrated notes

Levels and vault maps discovered:
D:1:      matt_arrival_los_fun, layout_basic
D:2:      layout_basic, amcnicky_mini_corridor_feature
D:3:      layout_loops_ring
D:4:      layout_basic, kennysheep_big_empty_room, kennysheep_potato, uniq_ijyb
D:5:      layout_basic, minmay_misc_feat_room, eino_tiny_chamber, uniq_menkaure,
          uniq_sigmund
D:6:      layout_basic, minmay_temple_entry_statues_fountains
D:7:      layout_basic, gammafunk_ghost_split
D:8:      layout_rooms, grunt_lair_entry_orc_guard_hut, xom_teletrap_fun,
          uniq_joseph
D:9:      layout_loops_ring, vehumet_statue, orc_0_dummy, minivault_16,
          hangedman_abyss_or_decor_slice, uniq_harold
D:10:     layout_loops_ring
D:11:     layout_roguey, serial_shops, nicolae_shop_behind_doors
D:12:     layout_layer_cave, uniq_nergalle
D:13:     minmay_guarded_unrand_guard, layout_small_grid, erik_vaults_1
D:14:     layout_roguey, hangedman_parallel_progression
D:15:     grunt_enter_depths_magical_seal, layout_gridville, basic_altar,
          amcnicky_mini_pool_small
Temple:   compressed_dpeg_triangle_lava_temple
Lair:1:   layout_chaotic_city
Lair:2:   layout_cave_pods, spider_nest_entry_webs, roderic_carrion_pond
Lair:3:   layout_gridlike, hellmonk_ghost_happy_afterlife,
          small_statue_intersection, beast_lair_carwin_5,
          infiniplex_staircase_pool
Lair:4:   layout_cave_pods, minmay_swamp_entry_worms, uniq_sonja, uniq_rupert
Lair:5:   slaughterhouse, layout_cave_pods, enter_volcano_1,
          minmay_shattered_shrine
Lair:6:   hangedman_lair_tendril_chambers, layout_concentric_octagons,
          slime_dummy, minivault_19
Swamp:1:  layout_falls_marsh, nicolae_swamp_trees_clearing,
          infiniplex_staircase_pool_2
Swamp:2:  layout_basic_swamp, nicolae_swamp_fairy_circle, swamp_pool2,
          uniq_louise
Swamp:3:  layout_basic_swamp, evilmike_swamp_ruin_rubble_2
Swamp:4:  swamp_old_school, layout_basic_swamp, swamp_pool1,
          nzn_swamp_weyward_sisters
Spider:1: layout_chambers, portal_ice_cave_entry_ice_statue_two
Spider:2: layout_spider_delve, hangedman_spider_tarantella_strand, uniq_donald
Spider:3: layout_spider_delve, gammafunk_ghost_split, uniq_arachne
Spider:4: spider_rune_water, gammafunk_ghost_split
Slime:1:  layout_caves
Slime:2:  layout_caves
Slime:3:  layout_caves, dissolution_awaits
Slime:4:  layout_caves, basic_altar
Slime:5
Orc:1:    lemuel_ogre_cave, layout_diamond_mine
Orc:2:    grunt_orc_gardens, layout_diamond_mine, grunt_orc_garden,
          grunt_orc_garden, grunt_orc_garden, grunt_orc_garden,
          gauntlet_entry_generic, serial_shops, shop_statue, uniq_josephine
Elf:1:    elf_arrival_001, layout_geoelf_octagon,
          ploomutoo_gammafunk_ghost_potion_laboratory, minivault_28,
          minmay_misc_feat_diagonals
Elf:2:    layout_onion_city, kennysheep_underground_church
Elf:3:    grunt_elf_hall_spiral, layout_geoelf_octagon, uniq_nikola,
          uniq_bai_suzhen
Vaults:1: nicolae_vaults_specimen_jars, hangedman_vaults_stagger,
          nicolae_vaults_three_branches, v_misc_15, v_misc_30,
          vaults_room_corners, vaults_room_grid, ontoclasm_vaults_ring_large,
          nicolae_vaults_diagonal_hallway_8, st_spiral_rooms,
          nicolae_vaults_ring_of_whatevers, v_misc_15, layout_vaults_omnibox,
          mu_enter_wizlab_1
Vaults:2: ebering_vaults_ghost_inner_flame, v_rooms_6, v_rooms_5,
          nicolae_vaults_diagonal_hallway_6, vaults_room_semicircle,
          nicolae_vaults_network_periphery, nicolae_vaults_little_squares_5,
          v_pattern_4, layout_vaults_omnigrid
Vaults:3: vaults_room_fours, ontoclasm_vaults_ring_large,
          minmay_crypt_entry_simple_sparse, v_alt_pattern_4, v_rooms_1,
          nicolae_vaults_little_squares_3, gammafunk_sealed_arena,
          nicolae_vaults_arrows, v_misc_5, nicolae_vaults_little_ls,
          vaults_room_fours, vaults_room_stairs_pillars,
          hangedman_vaults_river_flow, layout_vaults_maze,
          portal_desolation_entry_nicolae_nacl
Vaults:4: grunt_vaults_funnel, ontoclasm_vaults_gateway, hangedman_vaults_nails,
          v_misc_17, v_alt_pattern_2, hangedman_vaults_maws,
          nicolae_vaults_alarming, vaults_room_semicircle,
          ontoclasm_vaults_misaligned, vaults_room_door_ring,
          nicolae_vaults_puzzle_piece, layout_vaults_omnicross, serial_shops,
          bzr_entry_water
Vaults:5
Crypt:1:  layout_gridlike, grunt_megastairs_4, uniq_mennas
Crypt:2:  layout_gridlike, grunt_megastairs_5
Crypt:3:  evilmike_haunted_forest, uniq_khufu
Tomb:1
Tomb:2
Tomb:3
Depths:1: layout_gridville, gammafunk_ghost_berserking_beasts, hex_medium,
          abyss_entry, grunt_mini_vestibule, grunt_pan_entry_spiral,
          chequers_big_river, chequers_serial_rivers_micro_c,
          nicolae_lava_and_water, minivault_16,
          minmay_checkered_concentric_circles
Depths:2: kennysheep_room_grid, layout_gridlike, abandoned_shop,
          grunt_hell_entry_dis_old, infiniplex_staircase_pillars_2,
          minmay_shop_star, serial_bayou_shore_b
Depths:3: minmay_skeletal_surprise, layout_basic, hell_entry, abyss_entry,
          pan_entry, ashenzari_altar_1, infiniplex_staircase_squiggle,
          uniq_margery, uniq_frederick, uniq_sojobo
Depths:4: emtedronai_trogs_sanctum, layout_cave_shapes, hell_entry,
          minmay_misc_feat_columns, abyss_entry, nicolae_rare_books,
          kennysheep_random_hallway, uniq_enchantress
Depths:5: grunt_zot_entry_tricorne, layout_gridlike, enter_ziggurat_c,
          minmay_misc_feat_cross, hell_entry, minmay_shop_grove
Hell
Dis:1:    layout_gridville
Dis:2:    layout_subdivisions
Dis:3:    layout_subdivisions
Dis:4:    layout_subdivisions
Dis:5:    layout_gridville
Dis:6:    layout_regular_city
Dis:7:    dis_grunt_layers
Geh:1:    layout_gehenna_pools_triple
Geh:2:    layout_gehenna_pools_triple
Geh:3:    layout_gehenna_pools_triple
Geh:4:    layout_gehenna_lava_caves
Geh:5:    layout_gehenna_pools_box
Geh:6:    layout_gehenna_lava_caves
Geh:7:    geh_mu
Coc:1:    layout_cocytus_water_paths
Coc:2:    layout_cocytus_water_paths
Coc:3:    layout_cocytus_water_paths
Coc:4:    layout_cocytus_water_paths
Coc:5:    layout_ice_bergs
Coc:6:    layout_ice_bergs
Coc:7:    coc_mu
Tar:1:    layout_grid_maze, nicolae_tar_cuneiform_bread
Tar:2:    layout_grid_maze, nicolae_tar_cuneiform_three,
          nicolae_tar_cuneiform_water
Tar:3:    layout_honeycomb
Tar:4:    layout_grid_maze
Tar:5:    layout_cathedral_of_symmetry, nicolae_tar_cuneiform_bird
Tar:6:    layout_honeycomb, nicolae_tar_cuneiform_not
Tar:7:    tar_grunt_cathedral
Zot:1:    layout_basic
Zot:2:    layout_onion_interference, zot_minivault_1, grunt_megastairs_3
Zot:3:    layout_concentric_octagons
Zot:4:    layout_gridville, st_small_dragon_hoard_4, zot_minivault_7
Zot:5:    layout_misc_corridors

Skill      XL: |  1  2  3  4  5  6  7  8  9 10 11 12 13 14 15 16 17 18 19 20 21 22 23 24 25 26 27 |
---------------+----------------------------------------------------------------------------------+-----
Transmutations | 1 2 |  2.0
Fighting       | 1 2 3 4 5 6 8 10 13 26 | 26.0
Dodging        | 2 3 5 6 7 8 9 10 11 21 | 21.4
Earth Magic    | 4 5 6 7 9 10 11 12 13 14 16 17 19 22 23 25 27 | 27.0
Maces & Flails | 1 2 3 4 7 16 | 16.9
Stealth        | 3 4 5 6 10 27 | 27.0
Conjurations   | 1 2 3 4 5 6 10 12 13 | 13.9
Spellcasting   | 3 4 5 6 8 9 10 11 12 13 15 17 20 27 | 27.0
Invocations    | 1 4 6 8 9 10 11 12 13 22 | 22.0
Shields        | 3 4 9 13 15 25 | 25.0
Fire Magic     | 3 4 |  4.0
Necromancy     | 10 12 13 | 13.3

Action                   |  1- 3 |  4- 6 |  7- 9 | 10-12 | 13-15 | 16-18 | 19-21 | 22-24 | 25-27 || total
-------------------------+-------+-------+-------+-------+-------+-------+-------+-------+-------++-------
Melee: Unarmed           |     5 |       |       |       |       |       |       |       |       ||     5
       Club              |   103 |    64 |       |       |       |       |       |       |       ||   167
       Flail             |       |    77 |   183 |     7 |       |       |       |       |       ||   267
       Morningstar       |       |       |       |   827 |  1084 |   975 |   160 |       |   747 ||  3793
       Scimitar          |       |       |       |       |     7 |    11 |       |       |       ||    18
       Eveningstar       |       |       |       |       |       |       |   218 |   297 |  2320 ||  2835
       Staff             |       |       |       |       |       |       |       |     9 |   108 ||   117
Throw: Dart              |       |       |     5 |     2 |     1 |     2 |     4 |     3 |       ||    17
 Cast: Sandblast         |    23 |    41 |    75 |    50 |     9 |       |       |       |       ||   198
       Stone Arrow       |       |     1 |     4 |    15 |   181 |     2 |       |       |       ||   203
       Petrify           |       |       |       |    80 |   157 |    57 |       |       |       ||   294
       Lee's Rapid Decon |       |       |       |    29 |   180 |   260 |   316 |   140 |   730 ||  1655
       Bolt of Magma     |       |       |       |       |    28 |   124 |    69 |       |    32 ||   253
       Leda's Liquefacti |       |       |       |       |     2 |     5 |       |       |       ||     7
       Iron Shot         |       |       |       |       |       |   159 |    66 |    62 |     1 ||   288
       Shatter           |       |       |       |       |       |       |     8 |   100 |   460 ||   568
       Borgnjor's Vile C |       |       |       |       |       |       |     2 |       |       ||     2
       Lehudib's Crystal |       |       |       |       |       |       |       |    55 |   790 ||   845
Invok: Channel Magic     |       |       |       |     1 |    22 |    21 |    24 |    23 |   120 ||   211
 Abil: Fly               |       |       |       |       |     1 |       |       |       |       ||     1
       Evoke Blink       |       |       |       |       |       |       |       |       |     1 ||     1
Evoke: Wand              |       |     4 |    13 |     2 |    26 |       |     2 |       |     6 ||    53
  Use: Scroll            |     3 |     8 |     8 |    11 |    20 |    32 |    13 |    12 |    74 ||   181
       Potion            |       |       |     1 |     4 |    11 |     6 |     3 |     2 |    75 ||   102
 Stab: Sleeping          |     4 |     6 |     3 |    13 |     1 |     4 |     1 |     1 |    37 ||    70
       Petrified         |       |       |       |   166 |   299 |    90 |       |       |       ||   555
       Petrifying        |       |       |       |     1 |    20 |     4 |       |       |       ||    25
       Distracted        |       |       |       |       |     1 |       |       |       |    19 ||    20
Armor: Robe              |    36 |    71 |    91 |   315 |   422 |   717 |   215 |   196 |  1043 ||  3106
Dodge: Dodged            |    93 |   127 |   183 |   781 |   785 |   961 |   280 |   242 |  1640 ||  5092
Block: Buckler           |       |       |       |    95 |   466 |   408 |       |       |       ||   969
       Reflection        |       |       |       |       |    10 |    19 |    38 |    56 |    77 ||   200
       Kite shield       |       |       |       |       |       |   724 |   468 |   438 |  1305 ||  2935
       Tower shield      |       |       |       |       |       |       |       |       |  2473 ||  2473
